 Dungeon Crawl Stone Soup version 0.23-a0-451-g1044d4cbad (webtiles) character file.

1378180 Multipenetrator the Conqueror (level 27, -3/199 HPs)
             Began as a Formicid Fighter on Nov 21, 2018.
             Was the Champion of Okawaru (penitent).
             Slain by a phantasmal warrior (18 damage)
             ... summoned by a greater mummy
             ... on level 2 of the Tomb of the Ancients on Nov 23, 2018.
             The game lasted 14:34:36 (92155 turns).

Multipenetrator the Conqueror (Formicid Fighter)   Turns: 92155, Time: 14:34:36

Health: -3/199     AC: 47    Str: 40 (42) XL:     27
Magic:  33/45      EV: 18    Int: 13      God:    Okawaru [*]
Gold:   11607      SH: 39    Dex:  7      Spells: 23/62 levels left

rFire    + + +     SeeInvis +   a - +9 executioner's axe (chop)
rCold    + + +     Gourm    .   o - +10 large shield of Ignorance {rN+ Int-4}
rNeg     + + +     Faith    .   s - +12 gold dragon scales
rPois    +         Spirit   .   (helmet unavailable)
rElec    +         Reflect  .   q - scarf {rC+ rF+}
rCorr    +         Harm     .   U - +2 pair of gloves of the Moon Troll {Int+7 SInv}
MR       +++..                  r - +2 pair of boots {run}
Stlth    ..........             m - amulet "Elichuobo" {rElec rF+ rN+ Regen+ Dex-4}
HPRegen  1.83/turn              B - ring of Makhleb's Supremacy {rN+ Str+4 Slay+3}
MPRegen  0.29/turn              S - ring "Dihet" {rElec rF- rC+ MR+ Str+5}

@: lethally poisoned (-3 -> -3), swift, resistant, heroism, finesse,
regenerating (expiring), studying Dodging, very slow
A: permanent stasis, dig shafts and tunnels, four strong arms, antennae 3, beak,
frail 2, strong 1, evolution 2, MP-powered wands
}: 14/15 runes: decaying, slimy, silver, iron, obsidian, icy, bone, abyssal,
demonic, glowing, magical, fiery, dark, gossamer
a: Dig, Shaft Self, Renounce Religion


You were on level 2 of the Tomb of the Ancients.
You worshipped Okawaru.
Okawaru was demanding penance.
You were not hungry.

You visited 18 branches of the dungeon, and saw 88 of its levels.
You visited Pandemonium 1 time, and saw 16 of its levels.
You visited the Abyss 2 times.
You visited 1 ziggurat, and saw 14 of its levels.
You also visited: Ice Cave, Wizlab and Desolation.

You collected 14623 gold pieces.
You spent 3016 gold pieces at shops.

Inventory:

Hand Weapons
 a - a +9 executioner's axe of chopping (weapon)
 b - the +4 staff of Dispater
   (You took it off Dispater on level 7 of the Iron City of Dis)
 j - the +10 morningstar "Eos" {elec, Halo rElec}
   (You found it in the Desolation of Salt)

   Occasionally, upon striking a foe, it will discharge some electrical energy
   and cause terrible harm.
   It insulates you from electricity.
Missiles
 G - 6 throwing nets (quivered)
Armour
 o - the +10 large shield of Ignorance (worn) {rN+ Int-4}
   (Okawaru gifted it to you on level 2 of the Lair of Beasts)

   It affects your intelligence (-4).
   It protects you from negative energy.
 q - a scarf of resistance (worn)
 r - a +2 pair of boots of running (worn)
 s - +12 gold dragon scales (worn)
 U - the +2 pair of gloves of the Moon Troll (worn) {Int+7 SInv}
   (You found it on level 6 of the Lair of Beasts)

   It affects your intelligence (+7).
   It lets you see invisible.
Jewellery
 m - the amulet "Elichuobo" (around neck) {rElec rF+ rN+ Regen+ Dex-4}
   (You took it off a vampire mage on level 3 of the Crypt)

   [amulet of regeneration]

   It affects your dexterity (-4).
   It protects you from fire.
   It insulates you from electricity.
   It protects you from negative energy.
   It increases your rate of regeneration.
 B - the ring of Makhleb's Supremacy (left hand) {rN+ Str+4 Slay+3}
   (You found it in a wizard's laboratory)

   [ring of positive energy]

   It affects your strength (+4).
   It affects your accuracy and damage with ranged weapons and melee attacks
   (+3).
   It protects you from negative energy.
 O - the ring of the Gloaming {rPois rN+ MP+9 Dex+6}
   (You found it in Pandemonium)

   [ring of dexterity]

   It affects your dexterity (+6).
   It protects you from poison.
   It protects you from negative energy.
   It affects your magic capacity (+9).
 Q - the ring of the Lumpy Souls {Str+5 SInv Stlth-}
   (You found it on level 12 of a ziggurat)

   [ring of attention]

   It affects your strength (+5).
   It lets you see invisible.
   It makes you less stealthy.
 S - the ring "Dihet" (right hand) {rElec rF- rC+ MR+ Str+5}
   (You found it on level 7 of Gehenna)

   [ring of strength]

   It affects your strength (+5).
   It makes you vulnerable to fire.
   It protects you from cold.
   It insulates you from electricity.
   It affects your resistance to hostile enchantments.
 Y - the ring of Jol Nuco {rCorr +Blink rC+ rN++}
   (You found it on level 3 of the Swamp)

   [ring of resist corrosion]

   It protects you from cold.
   It greatly protects you from negative energy.
   It lets you blink.
 Z - the ring of the Distant Future {MR++ Int+3 Dex+2}
   (You found it in Pandemonium)

   [ring of intelligence]

   It affects your intelligence (+3).
   It affects your dexterity (+2).
   It affects your resistance to hostile enchantments.
Wands
 i - a wand of iceblast (77)
 x - a wand of acid (22)
 E - a wand of scattershot (7)
 W - a wand of disintegration (21)
Scrolls
 e - 2 scrolls of amnesia
 g - 55 scrolls of remove curse
 h - 31 scrolls of identify
 t - 2 scrolls of enchant armour
 u - 8 scrolls of immolation
 w - 7 scrolls of fear
 y - 7 scrolls of enchant weapon
 F - 5 scrolls of fog
 J - 5 scrolls of vulnerability
 T - a scroll of summoning
Potions
 c - 4 potions of agility
 d - 4 potions of resistance
 p - 8 potions of cancellation
 z - 5 potions of ambrosia
 C - 25 potions of curing
 D - 2 potions of magic
 H - a potion of heal wounds
 I - a potion of invisibility
 M - 2 potions of mutation
 R - 3 potions of might
Books
 P - a manual of Dodging
Miscellaneous
 n - a phial of floods (inert)
 v - 8 phantom mirrors
 K - 4 boxes of beasts
 L - 3 sacks of spiders
 N - a lamp of fire (inert)
 V - the horn of Geryon
Comestibles
 f - 82 rations


   Skills:
 O Level 27 Fighting
 O Level 27 Axes
 - Level 0.9(5.9) Staves
 O Level 27 Armour
 * Level 25.7(27) Dodging
 - Level 22.2(27) Shields
 - Level 18.0 Spellcasting
 - Level 12.0 Hexes
 - Level 10.3 Charms
 - Level 21.2 Summonings
 - Level 19.0 Necromancy
 - Level 13.4 Translocations
 - Level 25.0 Invocations
 - Level 19.8 Evocations


You had 23 spell levels left.
You knew the following spells:

 Your Spells              Type           Power        Failure   Level  Hunger
a - Apportation           Tloc           #####.       1%          1    None
b - Shadow Creatures      Summ           N/A          1%          6    ######.
c - Song of Slaying       Chrm           #####...     1%          2    None
d - Spectral Weapon       Hex/Chrm       #####...     1%          3    None
e - Aura of Abjuration    Summ           ######....   1%          5    ####...
f - Swiftness             Chrm/Air       ####....     3%          2    None
g - Haunt                 Necr/Summ      ######....   3%          7    #######
h - Dispel Undead         Necr           ######..     1%          5    ####...
i - Summon Forest         Summ/Tloc      ######....   1%          5    ####...
r - Regeneration          Chrm/Necr      #####.....   1%          3    None

Your spell library contained the following spells:

 Spells                   Type           Power        Failure   Level  Hunger
 Animate Skeleton         Necr           N/A          0%          1    None
 Pain                     Necr           ####         0%          1    None
 Summon Butterflies       Summ           ######..     0%          1    None
 Summon Small Mammal      Summ           ####         0%          1    None
 Corpse Rot               Necr           N/A          0%          2    None
 Sublimation of Blood     Necr           ######....   0%          2    None
 Call Canine Familiar     Summ           ######..     0%          3    None
 Confusing Touch          Hex            #####.       1%          1    None
 Corona                   Hex            #####..      1%          1    None
 Infusion                 Chrm           ####         1%          1    None
 Shroud of Golubria       Chrm/Tloc      #####.....   1%          2    None
 Slow                     Hex            #####...     1%          2    None
 Confuse                  Hex            #####...     1%          3    None
 Gell's Gravitas          Tloc           #####.....   1%          3    None
 Lesser Beckoning         Tloc           #####.....   1%          3    None
 Portal Projectile        Hex/Tloc       #####.       1%          3    None
 Recall                   Summ/Tloc      N/A          1%          3    None
 Teleport Other           Tloc           #####...     1%          3    None
 Tukima's Dance           Hex            #####...     1%          3    None
 Vampiric Draining        Necr           ######....   1%          3    None
 Animate Dead             Necr           N/A          1%          4    #......
 Cause Fear               Hex            #####.....   1%          4    #......
 Passage of Golubria      Tloc           N/A          1%          4    #......
 Agony                    Necr           ######..     1%          5    ####...
 Excruciating Wounds      Chrm/Necr      #####.....   1%          5    ####...
 Summon Demon             Summ           ######....   1%          5    ####...
 Summon Mana Viper        Hex/Summ       ######..     1%          5    ####...
 Death Channel            Necr           ######....   1%          6    ######.
 Ensorcelled Hibernation  Hex/Ice        ####..       2%          2    None
 Summon Ice Beast         Ice/Summ       #####...     2%          4    #......
 Summon Lightning Spire   Summ/Air       #####...     2%          4    #......
 Summon Hydra             Summ           ######....   2%          7    #######
 Dazzling Spray           Conj/Hex       ####..       4%          3    None
 Inner Flame              Hex/Fire       ####....     4%          3    None
 Ozocubu's Armour         Chrm/Ice       ####....     6%          3    None
 Bolt of Draining         Conj/Necr      #####.....   10%         5    ####...
 Borgnjor's Vile Clutch   Necr/Erth      #####.....   10%         5    ####...
 Force Lance              Conj/Tloc      ####....     11%         4    #......
 Malign Gateway           Summ/Tloc      ######....   12%         7    #######
 Fulminant Prism          Conj/Hex       ####......   14%         4    #......
 Leda's Liquefaction      Hex/Erth       ####......   14%         4    #......
 Freeze                   Ice            ##..         17%         1    None
 Magic Dart               Conj           ##..         17%         1    None
 Sandblast                Erth           ##....       17%         1    None
 Shock                    Conj/Air       ##..         17%         1    None
 Sting                    Conj/Pois      ##..         17%         1    None
 Darkness                 Hex            #####.....   19%         6    ######.
 Invisibility             Hex            #####...     19%         6    ######.
 Passwall                 Tmut/Erth      ##......     26%         2    None
 Poisonous Vapours        Pois/Air       ##....       26%         2    None
 Searing Ray              Conj           ##....       26%         2    None
 Throw Flame              Conj/Fire      ##....       26%         2    None
 Throw Frost              Conj/Ice       ##....       26%         2    None
 Metabolic Englaciation   Hex/Ice        ####......   38%         5    ####...
 Silence                  Hex/Air        ####......   38%         5    ####...
 Yara's Violent Unravell  Hex/Tmut       ####......   38%         5    ####...
 Borgnjor's Revivificati  Necr           ######....   43%         8    #######
 Infestation              Necr           ######....   43%         8    #######
 Conjure Flame            Conj/Fire      ##......     45%         3    None
 Ignite Poison            Fire/Tmut/Pois ##......     45%         3    None
 Mephitic Cloud           Conj/Pois/Air  ##......     45%         3    None
 Spider Form              Tmut/Pois      ##........   45%         3    None
 Static Discharge         Conj/Air       ##......     45%         3    None
 Stone Arrow              Conj/Erth      ##....       45%         3    None
 Simulacrum               Ice/Necr       #####.....   47%         6    ######.
 Iskenderun's Battlesphe  Conj/Chrm      ####....     50%         5    ####...
 Airstrike                Air            ##........   86%         4    #......
 Ice Form                 Ice/Tmut       ##......     86%         4    #......
 Iskenderun's Mystic Bla  Conj           ##......     86%         4    #......
 Olgreb's Toxic Radiance  Pois           ##......     86%         4    #......
 Petrify                  Tmut/Erth      ##......     86%         4    #......
 Throw Icicle             Conj/Ice       ##......     86%         4    #......
 Spellforged Servitor     Conj/Summ      #####.....   88%         7    #######
 Death's Door             Chrm/Necr      #####.....   95%         8    #######
 Deflect Missiles         Chrm/Air       ####......   97%         6    ######.
 Alistair's Intoxication  Tmut/Pois      ##......     99%         5    ####...
 Bolt of Magma            Conj/Fire/Erth ##........   99%         5    ####...
 Irradiate                Conj/Tmut      ##........   99%         5    ####...
 Lee's Rapid Deconstruct  Erth           ##........   99%         5    ####...
 Lightning Bolt           Conj/Air       ##........   99%         5    ####...
 Venom Bolt               Conj/Pois      ##........   99%         5    ####...
 Bolt of Cold             Conj/Ice       ##........   100%        6    ######.
 Freezing Cloud           Conj/Ice/Air   ##........   100%        6    ######.
 Hydra Form               Tmut           ##........   100%        6    ######.
 Iron Shot                Conj/Erth      ##........   100%        6    ######.
 Ozocubu's Refrigeration  Ice            ##........   100%        6    ######.
 Statue Form              Tmut/Erth      ##.......    100%        6    ######.
 Dragon Form              Tmut           ##........   100%        7    #######
 Orb of Destruction       Conj           ##........   100%        7    #######
 Discord                  Hex            #####.....   100%        8    #######
 Necromutation            Tmut/Necr      #####.....   100%        8    #######
 Blink                    Tloc           Unusable     N/A         2    N/A

Dungeon Overview and Level Annotations

Branches:
Dungeon (15/15)            Temple (1/1) D:5            Lair (6/6) D:11
  Swamp (4/4) Lair:3       Spider (4/4) Lair:2        Slime (5/5) Lair:5
    Orc (2/2) D:12            Elf (3/3) Orc:2        Vaults (5/5) D:14
  Crypt (3/3) Vaults:3       Tomb (2/3) Crypt:3      Depths (5/5) D:15
   Hell (1/1)                 Dis (7/7) Hell            Geh (7/7) Hell
    Coc (7/7) Hell            Tar (7/7) Hell            Zot (5/5) Depths:5

Altars:
Ashenzari
Cheibriados
Dithmenos
Elyvilon
Fedhas
Gozag
Hepliaklqana
Kikubaaqudgha
Makhleb
Nemelex Xobeh
Okawaru
Qazlal
Ru
Sif Muna
Trog
Uskayaw
Vehumet
Wu Jian
Xom
Yredelemnul
Zin
The Shining One
Jiyva

Shops:
D:4 :   D:5 ?   D:7 :**   D:11 [   Orc:2 ?=*(   Elf:2 ?   Vaults:1 =
Vaults:4 [   Depths:3 (   Depths:4 (

Portals:
Hell: Depths:1 Depths:2 Depths:3 Depths:4 Depths:5
Abyss: Depths:1 Depths:4 Depths:5
Pandemonium: Depths:3

Annotations:
Spider:2 1 runed door, ArschAngel's ghost, adept DDFi


Innate Abilities, Weirdness & Mutations

You cannot be hasted, slowed, berserked, paralysed or teleported.
You can dig through walls and to a lower floor.
Your four strong arms can wield two-handed weapons with a shield.
You have a pair of large antennae on your head. (SInv)
You have a beak for a mouth.
You are very frail. (-20% HP)
Your muscles are strong. (Str +2)
You rapidly evolve.
You expend magic power (3 MP) to strengthen your wands.


Message History

The fiery explosion engulfs the hungry ghost.
The hungry ghost is severely damaged.
The fiery explosion engulfs the shadow wraith.
The shadow wraith is moderately damaged.
Okawaru is honoured by your kill.
You feel extremely nervous for a moment...
You are engulfed in negative energy!
You resist.
The hungry ghost disappears in a puff of smoke!
The vampire disappears in a puff of smoke!
You feel your strength returning.
The burst of metal fragments hits the greater mummy.
The greater mummy is heavily damaged.
The shadow wraith is heavily damaged.
You feel a surge of power!
Your skin is crawling a little less now.
You hear a shout!
The greater mummy is engulfed in a cloud of scalding steam.
The greater mummy mumbles some strange words.
The phantasmal warrior is engulfed in blazing flames.
The phantasmal warrior hits you!!
You die...

*,,,,,,****,,,,,,,,,****,<,,,,*,,
*,,,,,,,,,.##*,,,*##.,..,,,,,,*,,
*,,,,,,,..,..,###,..,...,,,,,,***
*,,,,,,,L..,.##.##.,....,,,,,,*,,
*,,,,,,,...##..(..##....,,,,,,*,,
*,,,,,,,..#..%§§§§..#...,,,,,,+,,
*,,,,,,,.#...M§§§§§..#..,,,,,,*,,
*,,,,,,,#....§MZ§W§§..#,,,,,,,*,,
*,,,,,,,#.....Z§a§§...#,,,,,,,*,,
*,,,,,,,#....§§MW§M§%.#,,,,,,,***
+,,,,,,,.#...≈W§§§W§§#..,,,,,,*,,
*,,,,,,,..#.≈≈≈§≈...#§§.,,,,,,*,,
*,,,,,,,..Z##≈.≈≈.##....,,,,,,*,,
*,,,,,,,M.,,.##.##.,....,,,,,,*,,
*,,,,,,,.,,..,###,..,...,,,,,,*,,
*,,,,,,,,,.##*,,,*##.,..,,,,,,*,,
*,,,,,,**##,,,,,,,,,##**,,,,,,*,,


You could see 2 greater mummies, a mummy priest, 2 shadow wraiths, a phantasmal
warrior, a freezing wraith, a mummy, a wolf spider simulacrum, a quicksilver
dragon zombie and a minotaur skeleton.

Vanquished Creatures
  Cerebov (Pan)
  Asmodeus (Geh:7)
  Antaeus (Coc:7)
  the Royal Jelly (Slime:5)
  Ereshkigal (Tar:7)
  Gloorx Vloq (Pan)
  Ignacio (Pan)
  Mnoleg (Pan)
  the Serpent of Hell (Geh:7)
  Lom Lobon (Pan)
  Khufu (Tomb:1)
  Tiamat (Zot:3)
  Dispater (Dis:7)
  4 orbs of fire
  8 ancient liches
  The ghost of Popraera the Conqueror, a legendary MfSk of Okawaru (Zot:3)
  6 juggernauts
  Mennas (Vaults:2)
  5 greater mummies
  Boris (thrice) (Vaults:3 Vaults:4 Crypt:2)
  Frederick (Depths:4)
  the Lernaean hydra (Swamp:4)
  Saint Roka (Elf:2)
  22 shard shrikes
  Margery (Vaults:3)
  Xtahua (Crypt:2)
  4 curse toes
  Geryon (Hell)
  13 Killer Klowns
  12 pandemonium lords
  14 golden dragons
  16 bone dragons
  7 doom hounds
  18 Tzitzimimeh
  Arachne (Spider:4)
  8 electric golems
  19 Brimstone Fiends
  25 tentacled monstrosities
  12 iron giants
  9 liches
  The ghost of btonasse the Brawler, an adept DrTm of Ru (Elf:3)
  10 Hell Sentinels
  Rupert (Lair:3)
  25 Orb Guardians (Zot:5)
  A moon troll (WizLab)
  A deep elf blademaster (Elf:2)
  12 quicksilver dragons
  2 deep elf master archers (Elf:3)
  18 Ice Fiends
  18 acid blobs
  10 titans
  Gastronok (D:8)
  14 eldritch tentacles
  25 Executioners
  14 death cobs
  4 thorn hunters
  9 sphinxes
  5 tentacled starspawn
  A kraken (Abyss:4)
  31 shadow dragons
  12 tengu reavers
  20 ancient champions
  7 warmongers (Pan)
  18 fire giants
  13 azure jellies
  2 revenants
  22 storm dragons
  4 nagarajas (Zig:12)
  6 iron dragons (Dis:7)
  The ghost of oberejnoburuli the Nimble, an adept OpAr of Sif Muna (Spider:4)
  5 draconian monks
  8 draconian knights
  6 deep elf sorcerers
  8 frost giants
  34 balrugs
  3 draconian scorchers
  8 corrupters (Pan)
  21 vault wardens
  5 emperor scorpions (Spider:4)
  12 cacodemons
  2 orc warlords
  3 curse skulls
  10 ghost moths
  10 ghouls
  3 elemental wellsprings
  37 stone giants
  4 draconian stormcallers
  3 deep elf elementalists
  29 war gargoyles
  4 spriggan defenders
  8 draconian shifters
  10 ironheart preservers
  5 entropy weavers
  88 reapers
  6 draconian annihilators
  A spectral Killer Klown (Zot:3)
  56 very ugly things
  9 blood saints (Pan)
  2 bennus (Tomb:2)
  27 vampire knights
  14 green draconians
  3 halazid warlocks (Desolation)
  7 black draconians
  13 lorocyprocas
  12 white draconians
  Nessos (D:15)
  8 black suns (Pan)
  4 deep elf demonologists
  7 dire elephants
  A spark wasp (shapeshifter) (Vaults:5)
  7 yellow draconians
  10 purple draconians
  3 minotaurs (Depths:4)
  18 spark wasps
  8 deep elf annihilators
  24 blizzard demons
  3 eidola
  19 red draconians
  Snorg (Lair:3)
  9 death oozes (Slime:5)
  3 crystal guardians (Desolation)
  19 ettins
  9 deep elf death magi
  A merfolk javelineer (Depths:2)
  6 mummy priests
  8 green deaths
  11 jiangshi
  6 ragged hierophants (Desolation)
  2 merfolk impalers (Zig:9)
  10 fire dragons
  9 quicksilver dragon zombies
  19 yaktaur captains
  11 deep elf high priests
  Josephine (Orc:1)
  8 rakshasas
  10 peacekeepers (Desolation)
  A kraken zombie (Coc:7)
  33 vault guards
  30 ice dragons
  23 ogre magi
  A hell beast (Dis:4)
  14 great orbs of eyes
  7 quicksilver dragon skeletons
  3 ghost crabs
  5 shambling mangroves
  8 servants of whispers (Desolation)
  A catoblepas (shapeshifter) (Depths:5)
  9 monstrous demonspawn (Pan)
  3 catoblepae
  25 hydras
  A juggernaut simulacrum (Pan)
  5 spriggan air magi
  A naga warrior (Zig:12)
  2 merfolk aquamancers (Zig:9)
  10 death knights
  13 centaur warriors
  34 dancing weapons
  An alligator snapping turtle (shapeshifter) (Zig:5)
  15 alligators
  20 death scarabs
  An anaconda (Lair:6)
  71 two-headed ogres
  25 hell hogs
  5 titan zombies
  7 deep troll shamans
  13 vampire magi
  7 deep troll earth magi
  Erica (D:8)
  5 orc high priests
  11 spriggan berserkers
  9 tengu warriors
  15 deep elf knights
  4 naga sharpshooters (Zig:12)
  2 thrashing horrors (Abyss:4)
  2 shock serpents (Zig:12)
  35 soul eaters
  39 hell knights
  41 sun demons
  7 titan skeletons
  A fire crab (Abyss:4)
  20 iron golems
  10 spriggans
  6 wretched stars
  12 storm dragon zombies
  A salamander mystic (Zig:12)
  An iron troll (shapeshifter) (Zig:5)
  198 skeletal warriors
  3 sea snakes (Zig:9)
  13 glowing orange brains
  24 shadow wraiths
  A spectral entropy weaver (Spider:4)
  A fire crab (shapeshifter) (Vaults:1)
  13 iron trolls
  2 storm dragon skeletons
  2 death drakes
  10 golden dragon zombies
  4 unseen horrors
  2 orange crystal statues
  2 glowing orange brains (shapeshifter)
  12 anaconda zombies
  15 deep trolls
  A deep troll (shapeshifter) (Vaults:1)
  A swamp dragon (shapeshifter) (Vaults:5)
  9 gelid demonspawn
  6 infernal demonspawn (Pan)
  14 sixfirhies
  14 flayed ghosts
  10 swamp dragons
  19 deep elf archers
  37 phantasmal warriors
  2 quicksilver dragon simulacra
  2 ghost moth zombies
  5 shadow dragon zombies
  A lindwurm (Lair:6)
  41 shadow demons
  A harpy (shapeshifter) (Vaults:5)
  A lindwurm (shapeshifter) (Depths:5)
  13 orc knights
  7 torturous demonspawn (Pan)
  9 anaconda skeletons
  13 ironbrand convokers
  8 harpies
  25 necromancers
  10 wizards
  20 wolf spiders
  A mana viper (Zig:12)
  56 ugly things
  5 golden dragon skeletons
  12 frost giant zombies
  7 iron dragon zombies
  4 orc sorcerers
  55 deep elf magi
  6 fire giant zombies
  A wolf spider (shapeshifter) (Elf:2)
  19 orb spiders
  6 wolf spider zombies
  An oklob plant (D:11)
  8 shining eyes
  6 stone giant zombies
  3 shock serpent zombies
  5 fire giant skeletons
  4 shadow dragon skeletons
  3 cyclopes
  12 black mambas
  3 iron dragon skeletons
  12 elephants
  41 moths of wrath
  3 apocalypse crabs
  2 manticores
  48 rust devils
  3 stone giant skeletons
  Maurice (D:8)
  5 dire elephant zombies
  8 frost giant skeletons
  A salamander (shapeshifter) (Vaults:4)
  4 guardian serpents
  A black mamba (shapeshifter) (Vaults:4)
  3 torpor snails
  14 vault sentinels
  A water nymph (shapeshifter) (Zig:14)
  2 torpor snails (shapeshifter)
  A guardian serpent (shapeshifter) (Vaults:3)
  A molten gargoyle (Hell)
  7 ice statues
  3 naga magi (Zig:12)
  10 eyes of devastation
  A gargoyle (D:13)
  22 smoke demons
  A titan simulacrum (Coc:4)
  6 emperor scorpion zombies
  A shock serpent skeleton (Tar:5)
  A red draconian zombie (Dis:7)
  26 spiny frogs
  2 water nymphs (Zig:9)
  16 orange demons
  11 centaur skeletons
  2 rime drakes (shapeshifter) (Vaults:1)
  A dire elephant skeleton (Geh:7)
  A storm dragon simulacrum (Crypt:1)
  50 freezing wraiths
  37 hellions
  57 tormentors
  2 spectral redbacks (Spider:4)
  3 catoblepas zombies
  8 hellwings
  A komodo dragon (shapeshifter) (Abyss:4)
  A minotaur zombie (Dis:7)
  68 yaktaurs
  12 efreet
  2 catoblepas skeletons
  21 demonic crawlers
  A rime drake (Lair:6)
  6 komodo dragons
  2 swamp worm zombies (Crypt:2)
  36 red devils
  60 ice devils
  6 ancient zymes
  11 guardian mummies
  8 merfolk
  6 harpy zombies
  2 meliai (shapeshifter)
  A merfolk (shapeshifter) (Zig:8)
  7 tengu conjurers
  36 jumping spiders
  3 meliai
  14 tyrant leeches
  7 hydra skeletons
  A shadow dragon simulacrum (Coc:4)
  29 hornets
  Grinder (D:4)
  2 queen bees (shapeshifter)
  25 hydra zombies
  A polar bear (Lair:2)
  A spectral jumping spider (Spider:4)
  11 raiju (Abyss:4)
  3 silent spectres
  16 trolls
  A raiju (shapeshifter) (Depths:1)
  53 saltlings (Desolation)
  61 slime creatures
  23 blink frogs
  2 harpy skeletons
  9 ice dragon zombies
  2 spectral tarantellas (Spider:4)
  11 hippogriffs
  33 large abominations
  19 bog bodies
  10 fire dragon zombies
  7 dream sheep (Lair:6)
  A hippogriff (shapeshifter) (Depths:3)
  5 air elementals
  8 ettin skeletons
  11 ettin zombies
  8 fire dragon skeletons
  7 ice dragon skeletons
  16 ynoxinuls
  71 redbacks
  A tarantella (shapeshifter) (Vaults:3)
  6 alligator skeletons
  10 alligator zombies
  7 vampires
  An orc simulacrum (Vaults:1)
  129 flying skulls
  2 wyverns
  A black mamba skeleton (Geh:4)
  57 wraiths
  A yak (shapeshifter) (Elf:2)
  42 fire elementals
  27 tarantellas
  2 basilisks
  31 shadows
  29 water elementals
  2 dire elephant simulacra
  2 basilisks (shapeshifter)
  19 yaks
  26 golden eyes
  36 chaos spawn
  8 hungry ghosts
  Grum (D:8)
  25 neqoxecs
  A redback simulacrum (Spider:4)
  5 wargs
  4 spatial vortices
  12 swamp worms
  3 insubstantial wisps (Swamp:1)
  27 vampire mosquitoes
  10 hydra simulacra
  A merfolk zombie (Geh:4)
  10 water moccasins
  4 small abominations (Abyss:4)
  A water moccasin (shapeshifter) (Depths:2)
  3 swamp worms (shapeshifter)
  An infernal demonspawn skeleton (Crypt:3)
  8 porcupines
  Duvessa (D:7)
  77 hell hounds
  16 spiny frog zombies
  6 spiny frog skeletons
  4 floating eyes
  9 eyes of draining
  2 jumping spider simulacra (Spider:4)
  A merfolk skeleton (Crypt:1)
  15 swamp drakes
  A black bear (D:9)
  3 snapping turtle zombies
  47 orc warriors
  4 sky beasts
  A meliai simulacrum (D:15)
  26 necrophages
  10 ice beasts
  5 phantoms
  An alligator simulacrum (Coc:2)
  2 wolves (D:8)
  15 centaurs
  70 ogres
  4 swamp dragon zombies
  4 boggarts
  An ettin simulacrum (Crypt:1)
  4 snapping turtle skeletons
  A dream sheep skeleton (Crypt:1)
  A lindwurm skeleton (Crypt:2)
  3 manticore skeletons
  2 swamp dragon skeletons
  13 crocodiles
  A hog skeleton (Crypt:3)
  2 elf zombies (Elf:1)
  2 rime drake skeletons
  7 big kobolds
  19 bullfrogs
  A draconian skeleton (Crypt:1)
  4 earth elementals
  A wyvern skeleton (D:12)
  Dowan (D:7)
  2 scorpions
  2 spriggan zombies
  A hornet simulacrum (Spider:4)
  A raiju zombie (Crypt:3)
  A shapeshifter zombie (Crypt:1)
  8 killer bees
  A polar bear skeleton (Crypt:3)
  2 human simulacra
  96 wights
  8 howler monkeys
  11 electric eels
  6 centaur zombies
  A human zombie (Geh:7)
  6 crimson imps
  18 starcursed masses
  A quasit (D:12)
  2 bullfrog zombies
  3 draconian simulacra (IceCv)
  2 jellies
  22 orc wizards
  7 hounds
  2 bullfrog skeletons
  20 orc priests
  26 iron imps
  Jessica (D:2)
  3 human skeletons
  6 iguanas
  A spriggan simulacrum (IceCv)
  8 worker ants
  3 troll simulacra (IceCv)
  A killer bee zombie (D:10)
  A demigod zombie (Crypt:3)
  A centaur simulacrum (IceCv)
  2 tengu zombies
  The ghost of Ciugracu the Shield-Bearer, a weakling FoFi (D:15)
  A deep dwarf skeleton (Crypt:1)
  A demigod skeleton (Crypt:2)
  A dwarf skeleton (Crypt:1)
  2 tengu skeletons
  2 hound skeletons
  30 mummies
  2 worker ant zombies
  A howler monkey zombie (Crypt:1)
  4 gnolls
  8 adders
  A howler monkey skeleton (Crypt:3)
  2 ogre simulacra (IceCv)
  15 shadow imps
  40 white imps
  An ufetubus (Abyss:4)
  5 oozes
  A worm zombie (Crypt:2)
  An adder zombie (D:8)
  2 adder skeletons
  4 worms
  4 ball lightnings (Pan)
  A dart slug (D:2)
  2 leopard geckos (D:2)
  80 orcs
  2 ball pythons
  5 giant cockroaches
  9 goblins
  6 hobgoblins
  7 jackals
  10 quokkas
  A ball python skeleton (Crypt:1)
  7 bats
  A dart slug zombie (Crypt:3)
  6 frilled lizards
  A jackal zombie (D:6)
  25 kobolds
  A kobold zombie (Dis:7)
  An orc skeleton (Dis:2)
  An orc zombie (Dis:7)
  A quokka skeleton (Crypt:2)
  2 quokka zombies
  9 rats
  A river rat skeleton (Crypt:1)
  4 briar patches (Swamp:1)
  A butterfly (Lair:6)
  A demonic plant (WizLab)
  2 fire vortices
  4 fungi
  23 plants
  12 starspawn tentacles
  6 tentacles
5428 creatures vanquished.

Vanquished Creatures (collateral kills)
  A cacodemon (Pan)
  A stone giant (shapeshifter) (Zig:14)
  A great orb of eyes (Zig:11)
  A glowing orange brain (Zig:11)
  A wizard (Pan)
  A moth of wrath (Zig:13)
  A smoke demon (Pan)
  2 orange demons (Pan)
  2 tormentors (Pan)
  A hippogriff (Lair:1)
  A neqoxec (Pan)
  2 orc warriors (Zig:13)
15 creatures vanquished.

Vanquished Creatures (others)
  An eldritch tentacle (Dis:1)
  A draconian knight (Zot:2)
  Louise (Depths:4)
  A ghost moth (Zot:2)
  A cacodemon (Pan)
  A very ugly thing (Depths:2)
  A green death (Pan)
  A skeletal warrior (Dis:7)
  A sixfirhy (Pan)
  2 wizards (Pan)
  A swamp dragon (Swamp:4)
  2 deep elf magi (Elf:2)
  A moth of wrath (Zot:5)
  A guardian serpent (Desolation)
  A raiju (Abyss:4)
  A saltling (Desolation)
  A water elemental (Depths:1)
  A redback (Spider:4)
  A tarantella (Spider:2)
  A neqoxec (Pan)
  A vampire mosquito (Swamp:1)
  A spiny frog zombie (Coc:4)
  A hell hound (Dis:7)
  A floating eye (Depths:3)
  A swamp drake (Swamp:4)
  A centaur (D:15)
  An iron imp (Dis:7)
  2 mummies
  13 ball lightnings (Pan)
  A kobold zombie (Dis:3)
  5 briar patches
  A demonic plant (WizLab)
  7 fungi
  A lurking horror (Abyss:4)
  11 plants
  7 spectral weapons
  8 starspawn tentacles
  6 tentacles
91 creatures vanquished.

Grand Total: 5534 creatures vanquished

Notes
Turn   | Place    | Note
-------+----------+-------------------------------------------
     0 | D:1      | Multipenetrator the Formicid Fighter began the quest for
                  | the Orb.
     0 | D:1      | Reached XP level 1. HP: 18/18 MP: 1/1
    61 | D:1      | Reached XP level 2. HP: 21/24 MP: 2/2
   291 | D:1      | Reached XP level 3. HP: 27/29 MP: 3/3
   835 | D:2      | Reached XP level 4. HP: 33/35 MP: 4/4
   948 | D:2      | Noticed Jessica
   965 | D:2      | Killed Jessica
   965 | D:2      | Reached skill level 5 in Shields
  1332 | D:3      | Reached XP level 5. HP: 4/41 MP: 5/5
  2062 | D:4      | Noticed Grinder
  2382 | D:4      | Noticed an ogre
  2390 | D:4      | Killed an ogre
  2390 | D:4      | Reached XP level 6. HP: 34/47 MP: 6/6
  2947 | D:5      | Entered Level 5 of the Dungeon
  3163 | D:4      | Killed Grinder
  3163 | D:4      | Reached skill level 5 in Axes
  3163 | D:4      | Reached XP level 7. HP: 42/52 MP: 7/7
  3202 | D:4      | Found a white marble altar of Elyvilon.
  3244 | D:4      | Found Cagasug's Book Emporium.
  3563 | D:5      | Reached XP level 8. HP: 45/58 MP: 8/8
  3620 | D:5      | Found Roreetih's Magic Scroll Shop.
  3623 | D:5      | Bought a scroll of enchant armour for 90 gold pieces
  3623 | D:5      | Bought a scroll of remove curse for 36 gold pieces
  3676 | D:5      | Found an ornate altar of the Wu Jian Council.
  3773 | D:5      | Found a staircase to the Ecumenical Temple.
  3782 | Temple   | Entered the Ecumenical Temple
  3862 | Temple   | Became a worshipper of Warmaster Okawaru
  4015 | D:5      | Found a radiant altar of Vehumet.
  4403 | D:6      | Reached * piety under Okawaru
  4453 | D:6      | Found a snail-covered altar of Cheibriados.
  4848 | D:6      | Reached XP level 9. HP: 35/64 MP: 9/9
  5236 | D:6      | Reached skill level 5 in Armour
  5470 | D:7      | Found Legeh's Book Shop.
  5477 | D:7      | Noticed a hippogriff
  5497 | D:7      | Killed a hippogriff
  5536 | D:7      | Reached ** piety under Okawaru
  5546 | D:7      | Noticed Dowan
  5559 | D:7      | Killed Dowan
  5559 | D:7      | Noticed Duvessa
  5725 | D:7      | Killed Duvessa
  5762 | D:7      | Found Wisulev's General Store.
  5786 | D:7      | Found Dukoyh's Assorted Antiques.
  5800 | D:7      | Bought a scroll of identify for 54 gold pieces
  5800 | D:7      | Bought an emerald potion for 24 gold pieces
  5800 | D:7      | Bought a white potion for 24 gold pieces
  5846 | D:7      | Noticed a two-headed ogre
  5846 | D:7      | Noticed a hornet
  5861 | D:8      | Noticed Grum
  5861 | D:8      | Noticed Gastronok
  5914 | D:8      | Noticed Maurice
  6422 | D:8      | Reached XP level 10. HP: 61/70 MP: 7/10
  7020 | D:8      | Killed Maurice
  7020 | D:8      | Reached *** piety under Okawaru
  7358 | D:8      | Killed Gastronok
  7358 | D:8      | Reached skill level 10 in Axes
  7358 | D:8      | Reached skill level 10 in Armour
  7479 | D:8      | Killed Grum
  7492 | D:8      | Reached **** piety under Okawaru
  7510 | D:8      | Reached XP level 11. HP: 40/75 MP: 11/11
  7772 | D:8      | Noticed Erica
  7794 | D:8      | Killed Erica
  8058 | D:9      | Reached skill level 10 in Shields
  8079 | D:9      | Found a hazy altar of Hepliaklqana.
  8180 | D:9      | Found a shadowy altar of Dithmenos.
  8464 | D:9      | Noticed a two-headed ogre
  8477 | D:9      | Killed a two-headed ogre
  8793 | D:10     | Entered Level 10 of the Dungeon
  9397 | D:11     | Reached ***** piety under Okawaru
  9496 | D:11     | Noticed a manticore
  9516 | D:11     | Killed a manticore
  9635 | D:11     | Found a staircase to the Lair.
  9635 | D:11     | Noticed an oklob plant
  9952 | D:11     | Reached XP level 12. HP: 59/81 MP: 9/12
 10005 | D:11     | Noticed an unseen horror
 10026 | D:11     | Killed an unseen horror
 10230 | D:11     | Found Hetuas's Antique Armour Shop.
 10449 | D:11     | Received a gift from Okawaru
 10786 | Lair:1   | Entered Level 1 of the Lair of Beasts
 10954 | Lair:1   | Got a fine ivory ring
 11128 | Lair:1   | Found a frozen archway.
 11190 | IceCv    | Entered an ice cave
 11201 | IceCv    | Identified the ring of the Trilobite {+Blink MP+9} (You
                  | found it on level 1 of the Lair of Beasts)
 11827 | IceCv    | HP: 4/81 [ice statue/shard of ice (20)]
 12202 | IceCv    | Reached skill level 15 in Shields
 12257 | IceCv    | Got a crude chain mail
 12274 | IceCv    | Identified the +5 chain mail of the Boiling Point {+Blink
                  | Int+5 Dex-2} (You found it in an ice cave)
 12322 | IceCv    | Reached XP level 13. HP: 46/86 MP: 10/13
 13043 | Lair:2   | Received a gift from Okawaru
 13044 | Lair:2   | Found the +10 large shield of Ignorance {rN+ Int-4}
 13339 | Lair:2   | Found a hole to the Spider Nest.
 13825 | Lair:3   | Found a staircase to the Swamp.
 13970 | Lair:3   | Noticed Snorg
 14013 | Lair:3   | Killed Snorg
 14148 | Lair:3   | Noticed Rupert
 14185 | Lair:3   | Killed Rupert
 14185 | Lair:3   | Reached skill level 5 in Fighting
 14209 | Lair:3   | Noticed a four-headed hydra
 14221 | Lair:3   | Killed a one-headed hydra
 14441 | Lair:3   | Noticed a five-headed hydra
 14453 | Lair:3   | Killed a one-headed hydra
 14477 | Lair:3   | Received a gift from Okawaru
 14583 | Lair:4   | Noticed a five-headed hydra
 14597 | Lair:4   | Killed a one-headed hydra
 14707 | Lair:4   | Reached XP level 14. HP: 89/99 MP: 14/14
 16120 | Lair:5   | Found a runed door.
 16122 | Lair:5   | Found a viscous altar of Jiyva.
 16128 | Lair:5   | Found a staircase to the Slime Pits.
 16247 | Lair:6   | Entered Level 6 of the Lair of Beasts
 16474 | Lair:6   | Noticed a dire elephant
 16474 | Lair:6   | Noticed a dire elephant
 16506 | Lair:6   | Killed a dire elephant
 16507 | Lair:6   | Killed a dire elephant
 16530 | Lair:6   | Got a pair of slimy gloves
 16544 | Lair:6   | Identified the +2 pair of gloves of the Moon Troll {Int+7
                  | SInv} (You found it on level 6 of the Lair of Beasts)
 16587 | Lair:6   | Noticed a dire elephant
 16605 | Lair:6   | Killed a dire elephant
 16625 | Lair:6   | Noticed a dire elephant
 16653 | Lair:6   | Killed a dire elephant
 16855 | Lair:6   | Reached ****** piety under Okawaru
 16908 | Lair:6   | Noticed a dire elephant
 16933 | Lair:6   | Killed a dire elephant
 17016 | Lair:6   | Noticed a dire elephant
 17060 | Lair:6   | Killed a dire elephant
 17060 | Lair:6   | Received a gift from Okawaru
 17490 | Lair:6   | Reached XP level 15. HP: 77/112 MP: 15/15
 18781 | D:12     | Found a staircase to the Orcish Mines.
 18934 | Orc:1    | Entered Level 1 of the Orcish Mines
 19094 | Orc:2    | Entered Level 2 of the Orcish Mines
 19332 | Orc:2    | Reached skill level 15 in Axes
 19355 | Orc:2    | Reached skill level 10 in Fighting
 19749 | Orc:2    | Received a gift from Okawaru
 19785 | Orc:2    | Found Metacw's Antique Weapon Emporium.
 19785 | Orc:2    | Found Subuishu's Jewellery Boutique.
 19785 | Orc:2    | Found Xiott's Assorted Antiques.
 19785 | Orc:2    | Found Nuzxiz's Magic Scroll Shoppe.
 20023 | Orc:2    | Reached skill level 15 in Armour
 20099 | Orc:2    | Found a staircase to the Elven Halls.
 20412 | Orc:1    | Noticed Josephine
 20428 | Orc:1    | Killed Josephine
 20541 | Orc:2    | Bought a crystal great sword for 253 gold pieces
 20541 | Orc:2    | Identified the +8 great sword of Purpose {slice, MP+9} (You
                  | bought it in a shop on level 2 of the Orcish Mines)
 20542 | Orc:2    | Bought a slimy lajatang for 440 gold pieces
 20542 | Orc:2    | Identified the +4 lajatang of the Hidden Allies {elec, rN+
                  | Str+4 Int+4} (You bought it in a shop on level 2 of the
                  | Orcish Mines)
 21413 | D:13     | Reached XP level 16. HP: 125/126 MP: 16/16
 22066 | D:14     | Received a gift from Okawaru
 22108 | D:14     | Got a crystal quarterstaff {god gift}
 22109 | D:14     | Identified the +3 quarterstaff of Mutilation {venom, SInv}
                  | (Okawaru gifted it to you on level 14 of the Dungeon)
 22972 | D:14     | Found a gate to the Vaults.
 23259 | D:14     | Found a burning altar of Makhleb.
 23290 | D:15     | Entered Level 15 of the Dungeon
 23464 | D:15     | Reached skill level 1 in Invocations
 23566 | D:15     | Received a gift from Okawaru
 23850 | D:15     | Reached XP level 17. HP: 106/135 MP: 18/22
 24023 | D:15     | Noticed Ciugracu's ghost (weakling FoFi)
 24024 | D:15     | Noticed a lich
 24064 | D:15     | Noticed Nessos
 24091 | D:15     | Killed Nessos
 24258 | D:15     | Found a staircase to the Depths.
 24276 | D:15     | Found a runed door.
 24294 | D:15     | Found a runed door.
 24390 | D:15     | Killed Ciugracu's ghost
 24418 | D:15     | Cast into level 4 of the Abyss (a lich)
 24502 | Abyss:4  | Reached XP level 18. HP: 29/100 MP: 24/24
 24603 | Abyss:4  | Received a gift from Okawaru
 24642 | Abyss:4  | HP: 6/144 [raiju/living lightning (6)]
 24744 | Abyss:4  | Gained mutation: You are weak. (Str -2) [a neqoxec]
 24745 | D:15     | Escaped the Abyss
 24749 | D:15     | Killed a lich
 24770 | D:15     | Identified the Tome of Dislocated Sinister Rituals
 24954 | Spider:1 | Entered Level 1 of the Spider Nest
 25086 | Spider:1 | Lost mutation: You are weak. (Str -2) [potion of mutation]
 25086 | Spider:1 | Gained mutation: You possess an exceptional clarity of
                  | mind. [potion of mutation]
 25086 | Spider:1 | Gained mutation: You are clumsy. (Dex -2) [potion of
                  | mutation]
 25086 | Spider:1 | Gained mutation: You expend magic power (3 MP) to
                  | strengthen your wands. [potion of mutation]
 25087 | Spider:1 | Lost mutation: You expend magic power (3 MP) to strengthen
                  | your wands. [potion of mutation]
 25087 | Spider:1 | Lost mutation: You possess an exceptional clarity of mind.
                  | [potion of mutation]
 25087 | Spider:1 | Lost mutation: You are clumsy. (Dex -2) [potion of
                  | mutation]
 25087 | Spider:1 | Gained mutation: You are frail. (-10% HP) [potion of
                  | mutation]
 25087 | Spider:1 | Gained mutation: You are partially covered in molten
                  | scales. (AC +2) [potion of mutation]
 25088 | Spider:1 | Lost mutation: You are frail. (-10% HP) [potion of
                  | mutation]
 25088 | Spider:1 | Lost mutation: You are partially covered in molten scales.
                  | (AC +2) [potion of mutation]
 25088 | Spider:1 | Gained mutation: You expend magic power (3 MP) to
                  | strengthen your wands. [potion of mutation]
 25088 | Spider:1 | Gained mutation: You are agile. (Dex +2) [potion of
                  | mutation]
 25088 | Spider:1 | Gained mutation: You have large cloven feet. [potion of
                  | mutation]
 25088 | Spider:1 | Gained mutation: You are resistant to hostile enchantments.
                  | (MR+) [potion of mutation]
 25510 | Spider:1 | Reached skill level 10 in Invocations
 25734 | Spider:1 | Received a gift from Okawaru
 26244 | Spider:2 | Found a runed door.
 26398 | Spider:2 | Noticed ArschAngel's ghost (adept DDFi)
 27878 | Spider:4 | Entered Level 4 of the Spider Nest
 28052 | Spider:4 | Found a runed gate.
 28054 | Spider:4 | Found a runed gate.
 28055 | Spider:4 | Found a runed gate.
 28162 | Spider:4 | Noticed oberejnoburuli's ghost (adept OpAr)
 28213 | Spider:4 | Killed oberejnoburuli's ghost
 28226 | Spider:4 | Reached XP level 19. HP: 131/154 MP: 27/27
 28229 | Spider:4 | Reached skill level 15 in Fighting
 28257 | Spider:4 | Got a translucent bronze amulet
 28263 | Spider:4 | Identified the amulet "Makhloess" {Faith rElec rC- Dex+2}
                  | (You found it on level 4 of the Spider Nest)
 28368 | Spider:4 | Received a gift from Okawaru
 28862 | Spider:4 | Noticed Arachne
 28882 | Spider:4 | Killed Arachne
 28915 | Spider:4 | Got a gossamer rune of Zot
 29102 | Spider:4 | Received a gift from Okawaru
 29863 | Lair:3   | Identified a scroll of acquirement
 29873 | Lair:3   | Got an ancient bone amulet
 29874 | Lair:3   | Identified the amulet "Archenk" {Gourm Int+4} (You acquired
                  | it on level 3 of the Lair of Beasts)
 29883 | Swamp:1  | Entered Level 1 of the Swamp
 30994 | Swamp:2  | Reached XP level 20. HP: 116/164 MP: 29/29
 31048 | Swamp:2  | Got a jewelled scythe
 31049 | Swamp:2  | Identified the cursed +0 scythe "Sanog" {slice, MR+ SInv}
                  | (You found it on level 2 of the Swamp)
 31902 | Swamp:3  | Found a transporter.
 32063 | Swamp:3  | Found a transporter.
 32489 | Swamp:3  | Got a smoking copper ring
 32502 | Swamp:3  | Got a brightly glowing granite ring
 32534 | Swamp:3  | Identified the cursed ring "Amyekuo" {*Contam rPois MR+++
                  | Dex+9 Slay-2} (You found it on level 3 of the Swamp)
 32535 | Swamp:3  | Identified the ring of Jol Nuco {rCorr +Blink rC+ rN++}
                  | (You found it on level 3 of the Swamp)
 32755 | Swamp:4  | Entered Level 4 of the Swamp
 33101 | Swamp:4  | Received a gift from Okawaru
 33331 | Swamp:4  | Got a distressingly furry plate armour {god gift}
 33348 | Swamp:3  | Identified the +0 plate armour "Dys Wum" {rPois rC- Regen+
                  | Str+2} (Okawaru gifted it to you on level 4 of the Swamp)
 33970 | Swamp:4  | Noticed the 27-headed Lernaean hydra
 33994 | Swamp:4  | Killed the 15-headed Lernaean hydra
 34468 | Swamp:4  | Got a decaying rune of Zot
 35064 | Vaults:1 | Entered Level 1 of the Vaults
 35076 | Vaults:1 | Found a ruined gateway.
 35085 | Desolati | Entered the Desolation of Salt
 35540 | Desolati | Got a brightly glowing lead ring
 35570 | Desolati | Identified the ring "Ram Ebul" {*Tele rElec Int+7} (You
                  | found it in the Desolation of Salt)
 35598 | Desolati | Reached XP level 21. HP: 171/171 MP: 30/30
 35641 | Desolati | Found the +8 demon blade "Leech" {vamp, rN+ AC-3 EV-3}
 35756 | Desolati | Received a gift from Okawaru
 36155 | Desolati | Got a faintly glowing steel ring
 36191 | Desolati | Got a pitted graven amulet
 36196 | Desolati | Identified the amulet "Fipicrau" {Regen+ Dex+3} (You found
                  | it in the Desolation of Salt)
 36197 | Desolati | Identified the ring "Sytess" {rPois rC+} (You found it in
                  | the Desolation of Salt)
 36201 | Desolati | Got a jewelled chain mail
 36250 | Desolati | Found the +10 morningstar "Eos" {elec, Halo rElec}
 36772 | Vaults:1 | Found Xinurchay's Jewellery Shop.
 37573 | Vaults:1 | Received a gift from Okawaru
 37588 | Vaults:1 | Got a pitted scale mail {god gift}
 37938 | Vaults:2 | Reached XP level 22. HP: 178/178 MP: 31/31
 37983 | Vaults:2 | Found a white marble altar of Elyvilon.
 38110 | Vaults:2 | Noticed Mennas
 38159 | Vaults:2 | Killed Mennas
 39653 | Vaults:3 | Received a gift from Okawaru
 39667 | Vaults:3 | Got an iridescent war axe {god gift}
 39668 | Vaults:3 | Identified the +11 war axe "Arurewan" {chop, rF+ rC+ rN+}
                  | (Okawaru gifted it to you on level 3 of the Vaults)
 39751 | Vaults:3 | Found a staircase to the Crypt.
 39751 | Vaults:3 | Found a basalt altar of Yredelemnul.
 39752 | Vaults:3 | Found an ancient bone altar of Kikubaaqudgha.
 39850 | Vaults:3 | Noticed Margery
 39874 | Vaults:3 | Killed Margery
 40001 | Vaults:3 | Received a gift from Okawaru
 40028 | Vaults:3 | Identified a +0 pair of boots of running (Okawaru gifted it
                  | to you on level 3 of the Vaults)
 40132 | Vaults:3 | Reached XP level 23. HP: 171/184 MP: 32/32
 40279 | Vaults:3 | Noticed Boris
 40294 | Vaults:3 | Killed Boris
 40447 | Vaults:4 | Found Ijecod Eghyp's Antique Armour Shoppe.
 40987 | Vaults:4 | Noticed Boris
 41002 | Vaults:4 | Killed Boris
 41002 | Vaults:4 | Received a gift from Okawaru
 41003 | Vaults:4 | Found the +8 mithril axe "Arga" {speed, MR+}
 41518 | Vaults:4 | Identified the +1 scale mail of Time Monsters {Slay+5}
                  | (Okawaru gifted it to you on level 1 of the Vaults)
 41849 | Elf:1    | Entered Level 1 of the Elven Halls
 42166 | Elf:1    | Received a gift from Okawaru
 42259 | Elf:1    | Reached XP level 24. HP: 189/191 MP: 32/32
 42572 | Elf:1    | Identified the Papyrus of Darkness
 42936 | Elf:2    | Found a runed gate.
 42936 | Elf:2    | Found a runed gate.
 42951 | Elf:2    | Found Veeneh's Magic Scroll Shop.
 42959 | Elf:2    | Bought a scroll of identify for 30 gold pieces
 42959 | Elf:2    | Bought a scroll of identify for 30 gold pieces
 42959 | Elf:2    | Bought a scroll of identify for 30 gold pieces
 42959 | Elf:2    | Bought a scroll of identify for 30 gold pieces
 42959 | Elf:2    | Bought a scroll of identify for 30 gold pieces
 43056 | Elf:2    | Received a gift from Okawaru
 43133 | Elf:2    | Found a runed gate.
 43527 | Elf:2    | Noticed Saint Roka
 43574 | Elf:2    | Killed Saint Roka
 43980 | Elf:3    | Entered Level 3 of the Elven Halls
 44115 | Elf:3    | Found a large runed door.
 44115 | Elf:3    | Found a large runed door.
 44143 | Elf:3    | Noticed btonasse's ghost (adept DrTm)
 44169 | Elf:3    | Killed btonasse's ghost
 44354 | Elf:3    | Received a gift from Okawaru
 44426 | Elf:3    | Identified the +6 troll leather armour of the Jackalope
                  | {+Inv Regen+ Int-5 Dex+4}
 44666 | Elf:3    | Identified the ring "Caenedwo" {rPois MR+ SInv}
 44668 | Elf:3    | Identified the +5 quarterstaff "Ygoro" {venom, +Fly rF-
                  | Int+4}
 44668 | Elf:3    | Identified the cursed +0 leather armour of Osal {rPois rN+
                  | rCorr Str-3}
 44779 | Elf:3    | Reached XP level 25. HP: 197/197 MP: 32/32
 44802 | Elf:3    | Got an ichor-stained mace
 44814 | Elf:3    | Identified the cursed +0 mace of Foacruni {venom, rC++
                  | Dex+4} (You found it on level 3 of the Elven Halls)
 44834 | Elf:3    | Identified the ring "Eboto" {Int+3 Stlth-}
 44888 | Elf:3    | Got a pair of twisted boots
 44890 | Elf:3    | Identified the cursed +0 pair of boots of Pathi {rElec rF+
                  | rC- Int+4} (You found it on level 3 of the Elven Halls)
 46078 | Depths:1 | Entered Level 1 of the Depths
 46888 | Depths:1 | Identified the Papyrus of the Ensnaring Birds
 46982 | Depths:1 | Found a one-way gate to the infinite horrors of the Abyss.
 47350 | Depths:1 | Found a gateway to Hell.
 47489 | Depths:1 | Noticed a juggernaut
 47501 | Depths:1 | Killed a juggernaut
 47501 | Depths:1 | Received a gift from Okawaru
 47882 | Depths:2 | Received a gift from Okawaru
 47914 | Depths:2 | Reached XP level 26. HP: 176/204 MP: 32/32
 47920 | Depths:2 | Noticed a juggernaut
 47921 | Depths:2 | Identified the amulet of Foymisuq {Spirit +Blink rPois
                  | MR++}
 47943 | Depths:2 | Found a runed door.
 47963 | Depths:2 | Killed a juggernaut
 48685 | Depths:3 | Received a gift from Okawaru
 48726 | Depths:3 | Found a glowing golden altar of the Shining One.
 48789 | Depths:3 | Noticed a juggernaut
 48806 | Depths:3 | Killed a juggernaut
 49186 | Depths:3 | Found a one-way gate leading to the halls of Pandemonium.
 49271 | Depths:3 | Found Otuocetz's Weapon Shop.
 49502 | Depths:3 | Identified Sif Muna's Guide on Scorching Unholy Arts
 49555 | Depths:4 | Noticed Frederick
 49580 | Depths:4 | Killed Frederick
 49650 | Depths:4 | Found a gateway to a ziggurat.
 49823 | Depths:4 | Found Zokku's Antique Weapon Emporium.
 49910 | Depths:4 | Reached XP level 27. HP: 210/210 MP: 32/32
 50020 | Depths:4 | Noticed Louise
 50032 | Depths:4 | Killed Louise
 50225 | Depths:5 | Entered Level 5 of the Depths
 50229 | Depths:4 | Found a hide-covered altar of Uskayaw.
 50236 | Depths:4 | Received a gift from Okawaru
 50566 | Depths:5 | Found a bloodstained altar of Trog.
 50577 | Depths:5 | Found an ornate altar of the Wu Jian Council.
 50747 | Depths:5 | Found a gate to the Realm of Zot.
 50846 | Depths:5 | Found a shadowy altar of Dithmenos.
 50872 | Depths:5 | Received a gift from Okawaru
 50905 | Depths:5 | Reached skill level 15 in Invocations
 50945 | Depths:5 | Identified a +2 pair of boots of running (Okawaru gifted it
                  | to you on level 5 of the Depths)
 51273 | Depths:5 | Noticed an ancient lich
 51291 | Depths:5 | Killed an ancient lich
 51557 | Depths:5 | Noticed a juggernaut
 51574 | Depths:5 | Killed a juggernaut
 51574 | Depths:5 | Received a gift from Okawaru
 52196 | Vaults:5 | Entered Level 5 of the Vaults
 52248 | Vaults:5 | Noticed an ancient lich
 52267 | Vaults:5 | Killed an ancient lich
 52354 | Crypt:1  | Entered Level 1 of the Crypt
 52374 | Crypt:1  | Received a gift from Okawaru
 53301 | Crypt:2  | Noticed Xtahua
 53312 | Crypt:2  | Killed Xtahua
 53377 | Crypt:2  | Noticed Boris
 53385 | Crypt:2  | Killed Boris
 53385 | Crypt:2  | Received a gift from Okawaru
 53410 | Crypt:2  | Got a fine plate armour {god gift}
 53411 | Crypt:2  | Identified the +1 plate armour "Kuyd" {Str+2} (Okawaru
                  | gifted it to you on level 2 of the Crypt)
 53756 | Crypt:2  | Found an ancient bone altar of Kikubaaqudgha.
 53888 | Crypt:3  | Entered Level 3 of the Crypt
 53952 | Crypt:3  | Found a magical portal.
 53965 | WizLab   | Entered Lehudib's Moon Base
 54018 | WizLab   | Found a transporter.
 54167 | WizLab   | Lost mutation: You are agile. (Dex +2) [a cacodemon]
 54874 | WizLab   | Found a transporter.
 54921 | WizLab   | Received a gift from Okawaru
 54965 | WizLab   | Got a shimmering pewter ring
 54972 | WizLab   | Identified the ring of Makhleb's Supremacy {rN+ Str+4
                  | Slay+3} (You found it in a wizard's laboratory)
 55152 | Crypt:3  | Found an ancient bone altar of Kikubaaqudgha.
 55226 | Crypt:3  | Identified the amulet "Elichuobo" {rElec rF+ rN+ Regen+
                  | Dex-4}
 55691 | Crypt:3  | Found a basalt altar of Yredelemnul.
 55725 | Crypt:3  | Identified the Compendium of Evil Rites
 55791 | Crypt:3  | Found a staircase to the Tomb.
 56219 | Crypt:3  | Got a wavering granite ring
 56361 | Crypt:3  | Identified the ring "Inisa" {rN+ Str+7 Int-4 SInv} (You
                  | found it on level 3 of the Crypt)
 56426 | Tomb:1   | Entered Level 1 of the Tomb of the Ancients
 56533 | Tomb:1   | Received a gift from Okawaru
 56617 | Tomb:1   | Noticed Khufu
 56617 | Tomb:1   | Noticed a greater mummy
 56629 | Tomb:1   | Killed a greater mummy
 56631 | Tomb:1   | Killed Khufu
 56879 | Tomb:1   | Noticed a greater mummy
 56889 | Tomb:1   | Noticed a greater mummy
 56894 | Tomb:1   | Killed a greater mummy
 56896 | Tomb:1   | Killed a greater mummy
 56953 | Tomb:1   | Noticed a greater mummy
 56969 | Tomb:1   | Killed a greater mummy
 57143 | Tomb:1   | Received a gift from Okawaru
 57202 | Tomb:1   | Learned a level 1 spell: Apportation
 57216 | Tomb:1   | Identified the +0 plate armour of Qazlal's Castigation
                  | {*Drain rN+ Regen+} (You found it on level 1 of the Tomb of
                  | the Ancients)
 57753 | Orc:2    | Bought a scroll of remove curse for 42 gold pieces
 57753 | Orc:2    | Bought a scroll of identify for 28 gold pieces
 57753 | Orc:2    | Bought 2 scrolls of enchant weapon for 210 gold pieces
 57753 | Orc:2    | Bought a scroll of enchant armour for 105 gold pieces
 57753 | Orc:2    | Bought a scroll of enchant weapon for 105 gold pieces
 57753 | Orc:2    | Bought a scroll of identify for 28 gold pieces
 57753 | Orc:2    | Bought a scroll of identify for 28 gold pieces
 57753 | Orc:2    | Bought 3 scrolls of enchant armour for 315 gold pieces
 57753 | Orc:2    | Bought a scroll of enchant weapon for 105 gold pieces
 57756 | Orc:2    | Bought a scroll of identify for 70 gold pieces
 57756 | Orc:2    | Bought a scroll of magic mapping for 122 gold pieces
 57756 | Orc:2    | Bought 3 scrolls of enchant weapon for 787 gold pieces
 57972 | Slime:1  | Entered Level 1 of the Pits of Slime
 58116 | Slime:2  | Gained mutation: You occasionally shout uncontrollably at
                  | your foes. [a shining eye]
 58121 | Slime:2  | Gained mutation: Your body sometimes deteriorates upon
                  | taking damage. [a shining eye]
 58166 | Slime:5  | Entered Level 5 of the Pits of Slime
 58167 | Slime:5  | Lost mutation: You expend magic power (3 MP) to strengthen
                  | your wands. [potion of mutation]
 58167 | Slime:5  | Lost mutation: You occasionally shout uncontrollably at
                  | your foes. [potion of mutation]
 58167 | Slime:5  | Gained mutation: Your body often deteriorates upon taking
                  | damage. [potion of mutation]
 58167 | Slime:5  | Gained mutation: Armour fits poorly on your strangely
                  | shaped body. [potion of mutation]
 58167 | Slime:5  | Gained mutation: You evolve. [potion of mutation]
 58168 | Slime:5  | Lost mutation: You have large cloven feet. [potion of
                  | mutation]
 58168 | Slime:5  | Lost mutation: You evolve. [potion of mutation]
 58168 | Slime:5  | Lost mutation: Your body often deteriorates upon taking
                  | damage. [potion of mutation]
 58168 | Slime:5  | Gained mutation: You are partially covered in icy blue
                  | scales. (AC +2) [potion of mutation]
 58168 | Slime:5  | Gained mutation: Your body often deteriorates upon taking
                  | damage. [potion of mutation]
 58168 | Slime:5  | Gained mutation: You are partially covered in yellow
                  | scales. (AC +2) [potion of mutation]
 58169 | Slime:5  | Lost mutation: You are partially covered in yellow scales.
                  | (AC +2) [potion of mutation]
 58169 | Slime:5  | Lost mutation: Your body often deteriorates upon taking
                  | damage. [potion of mutation]
 58169 | Slime:5  | Gained mutation: You do not regenerate when monsters are
                  | visible. [potion of mutation]
 58169 | Slime:5  | Gained mutation: Your mind is acute. (Int +2) [potion of
                  | mutation]
 58170 | Slime:5  | Lost mutation: You are partially covered in icy blue
                  | scales. (AC +2) [potion of mutation]
 58170 | Slime:5  | Lost mutation: Your body sometimes deteriorates upon taking
                  | damage. [potion of mutation]
 58170 | Slime:5  | Gained mutation: You have a beak for a mouth. [potion of
                  | mutation]
 58170 | Slime:5  | Gained mutation: You are partially covered in icy blue
                  | scales. (AC +2) [potion of mutation]
 58171 | Slime:5  | Lost mutation: You do not regenerate when monsters are
                  | visible. [potion of mutation]
 58171 | Slime:5  | Lost mutation: Armour fits poorly on your strangely shaped
                  | body. [potion of mutation]
 58171 | Slime:5  | Lost mutation: Your mind is acute. (Int +2) [potion of
                  | mutation]
 58171 | Slime:5  | Lost mutation: You are partially covered in icy blue
                  | scales. (AC +2) [potion of mutation]
 58171 | Slime:5  | Gained mutation: Your spells are a little harder to cast,
                  | but a little more powerful. [potion of mutation]
 58171 | Slime:5  | Gained mutation: You evolve. [potion of mutation]
 58171 | Slime:5  | Gained mutation: You possess an exceptional clarity of
                  | mind. [potion of mutation]
 58237 | Slime:5  | Noticed the Royal Jelly
 58253 | Slime:5  | Killed the Royal Jelly
 58306 | Slime:5  | Got a slimy rune of Zot
 58317 | Slime:5  | Got a jewelled great mace
 58536 | Slime:5  | Gained mutation: Your magical capacity is low. (-10% MP) [a
                  | shining eye]
 58595 | Lair:5   | Identified the +7 great mace of Zeclomel {crush, +Inv rN+
                  | MP+9} (You found it on level 5 of the Pits of Slime)
 58681 | Lair:4   | Gained mutation: Your mind is acute. (Int +2) [evolution]
 58991 | Vaults:5 | Noticed an ancient lich
 58993 | Vaults:5 | Noticed an ancient lich
 58998 | Vaults:5 | HP: 5/243 [acid (14)]
 59317 | Vaults:4 | Killed an ancient lich
 59333 | Vaults:5 | Received a gift from Okawaru
 59333 | Vaults:5 | Reached skill level 27 in Fighting
 59333 | Vaults:5 | Reached skill level 1 in Dodging
 59346 | Vaults:5 | Killed an ancient lich
 59366 | Vaults:5 | Reached skill level 5 in Dodging
 59578 | Vaults:5 | Lost mutation: You possess an exceptional clarity of mind.
                  | [a shining eye]
 59579 | Vaults:5 | Lost mutation: Your mind is acute. (Int +2) [a shining eye]
 59988 | Vaults:5 | Got a pair of pitted gloves
 59990 | Vaults:5 | Identified the +1 pair of gloves of Mumblety Peg {rElec
                  | rN++ Dex-5 Stlth+} (You found it on level 5 of the Vaults)
 60494 | Vaults:5 | Got a silver rune of Zot
 60496 | Vaults:5 | Got a warped dagger
 60498 | Vaults:5 | Identified the +7 dagger "Haxt" {pierce, rF+} (You found it
                  | on level 5 of the Vaults)
 60976 | Depths:1 | Voluntarily entered the Abyss.
 61249 | Abyss:4  | Received a gift from Okawaru
 61383 | Abyss:4  | Got an abyssal rune of Zot
 61417 | Depths:1 | Escaped the Abyss
 61530 | Hell     | Entered the Vestibule of Hell
 61530 | Hell     | Noticed Geryon
 61547 | Hell     | Killed Geryon
 61589 | Hell     | Found a gateway to the ashen valley of Gehenna.
 61719 | Hell     | Found a gateway to the decaying netherworld of Tartarus.
 61743 | Hell     | Received a gift from Okawaru
 61836 | Hell     | Found a gateway to the freezing wastes of Cocytus.
 62009 | Hell     | Found a gateway to the Iron City of Dis.
 62124 | Dis:1    | Entered Level 1 of the Iron City of Dis
 62366 | Dis:1    | Received a gift from Okawaru
 63425 | Dis:4    | Reached skill level 1 in Evocations
 63863 | Dis:5    | HP: 10/249 [??? (3)]
 64284 | Dis:2    | You fall through a shaft!
 64365 | Dis:4    | Reached skill level 5 in Evocations
 64461 | Dis:4    | Gained mutation: You are clumsy. (Dex -2) [mutagenic glow]
 64569 | Dis:5    | Received a gift from Okawaru
 64569 | Dis:5    | Reached skill level 10 in Dodging
 64574 | Dis:5    | Identified the +0 large shield of Music {*Contam rPois MR+
                  | SInv} (Okawaru gifted it to you on level 5 of the Iron City
                  | of Dis)
 64809 | Dis:7    | Entered Level 7 of the Iron City of Dis
 64871 | Dis:7    | Found a huge runed gate.
 64871 | Dis:7    | Found a huge runed gate.
 64871 | Dis:7    | Found a huge runed gate.
 64875 | Dis:7    | Found a huge runed gate.
 64875 | Dis:7    | Found a huge runed gate.
 64876 | Dis:7    | Found a huge runed gate.
 65156 | Dis:7    | Reached skill level 10 in Evocations
 65201 | Dis:7    | Received a gift from Okawaru
 65749 | Dis:7    | Received a gift from Okawaru
 65775 | Dis:7    | Gained mutation: Your mind is acute. (Int +2) [evolution]
 66024 | Dis:7    | Identified the +4 staff of Dispater
 66024 | Dis:7    | Noticed Dispater
 66194 | Dis:7    | Killed Dispater
 66194 | Dis:7    | Received a gift from Okawaru
 66258 | Dis:7    | Got an iron rune of Zot
 66638 | Dis:7    | Found the +8 autumn katana {slice, Clar}
 66672 | Dis:7    | Got an ancient morningstar
 66676 | Dis:7    | Identified the +5 morningstar of Nightmares {crush, rPois
                  | rF+} (You found it on level 7 of the Iron City of Dis)
 66751 | Dis:7    | Received a gift from Okawaru
 67012 | Hell     | Upgraded the game from 0.23-a0-449-g8e4cbf7b70 to
                  | 0.23-a0-451-g1044d4cbad
 67044 | Coc:1    | Entered Level 1 of Cocytus
 67178 | Coc:1    | Reached skill level 15 in Evocations
 67483 | Coc:2    | Noticed a shard shrike
 67483 | Coc:2    | Noticed a shard shrike
 67493 | Coc:2    | Killed a shard shrike
 67493 | Coc:2    | Reached skill level 15 in Dodging
 67495 | Coc:2    | Killed a shard shrike
 67691 | Coc:2    | Noticed a shard shrike
 67695 | Coc:2    | Killed a shard shrike
 67833 | Coc:2    | Noticed a shard shrike
 67838 | Coc:2    | Killed a shard shrike
 67905 | Coc:2    | Reached skill level 27 in Armour
 67953 | Coc:2    | Noticed a shard shrike
 67959 | Coc:2    | Killed a shard shrike
 68403 | Coc:3    | Noticed a shard shrike
 68403 | Coc:3    | Noticed a shard shrike
 68403 | Coc:3    | Noticed a shard shrike
 68411 | Coc:3    | Killed a shard shrike
 68411 | Coc:3    | Received a gift from Okawaru
 68412 | Coc:3    | Killed a shard shrike
 68415 | Coc:3    | Killed a shard shrike
 68686 | Coc:3    | Noticed a shard shrike
 68693 | Coc:3    | Killed a shard shrike
 68910 | Coc:4    | Received a gift from Okawaru
 68987 | Coc:4    | Gained mutation: You do not regenerate when monsters are
                  | visible. [mutagenic glow]
 69378 | Coc:4    | Noticed a shard shrike
 69385 | Coc:4    | Noticed a shard shrike
 69386 | Coc:4    | Noticed a shard shrike
 69387 | Coc:4    | Killed a shard shrike
 69392 | Coc:4    | Noticed a shard shrike
 69392 | Coc:4    | Noticed a shard shrike
 69399 | Coc:4    | Killed a shard shrike
 69402 | Coc:4    | Killed a shard shrike
 69411 | Coc:4    | Killed a shard shrike
 69415 | Coc:4    | Killed a shard shrike
 69596 | Coc:6    | Noticed a shard shrike
 69598 | Coc:6    | Reached skill level 27 in Axes
 69600 | Coc:6    | Killed a shard shrike
 69615 | Coc:6    | Received a gift from Okawaru
 69705 | Coc:7    | Entered Level 7 of Cocytus
 69815 | Coc:7    | Noticed a shard shrike
 69820 | Coc:7    | Killed a shard shrike
 70046 | Coc:7    | Noticed a shard shrike
 70052 | Coc:7    | Killed a shard shrike
 70495 | Coc:7    | Lost mutation: Your magical capacity is low. (-10% MP)
                  | [evolution]
 70603 | Coc:7    | Noticed Antaeus
 70633 | Coc:7    | Killed Antaeus
 70633 | Coc:7    | Received a gift from Okawaru
 70702 | Coc:7    | Identified Sif Muna's Incunabulum of the Rocks and Poison
 70705 | Coc:7    | Got an icy rune of Zot
 70721 | Coc:7    | Noticed a shard shrike
 70727 | Coc:7    | Killed a shard shrike
 70849 | Coc:7    | Noticed a shard shrike
 70856 | Coc:7    | Killed a shard shrike
 71021 | Coc:7    | Noticed a shard shrike
 71021 | Coc:7    | Noticed a shard shrike
 71021 | Coc:7    | Noticed a shard shrike
 71032 | Coc:7    | Killed a shard shrike
 71035 | Coc:7    | Killed a shard shrike
 71035 | Coc:7    | Received a gift from Okawaru
 71038 | Coc:7    | Killed a shard shrike
 71041 | Coc:7    | Got a shimmering large shield {god gift}
 71057 | Coc:7    | Identified the +2 large shield of Iclut {rPois rF+}
                  | (Okawaru gifted it to you on level 7 of Cocytus)
 71359 | Tar:1    | Entered Level 1 of Tartarus
 71567 | Tar:1    | Received a gift from Okawaru
 71933 | Tar:2    | You fall through a shaft for 2 floors!
 72199 | Tar:5    | Received a gift from Okawaru
 72656 | Tar:7    | Entered Level 7 of Tartarus
 72782 | Tar:7    | Noticed Ereshkigal
 72837 | Tar:7    | Killed Ereshkigal
 72933 | Tar:7    | Received a gift from Okawaru
 73200 | Tar:7    | Received a gift from Okawaru
 73203 | Tar:7    | Got a pair of distressingly furry boots {god gift}
 73204 | Tar:7    | Identified the +2 pair of boots "Saicw" {rElec rF- Int+7
                  | SInv} (Okawaru gifted it to you on level 7 of Tartarus)
 73294 | Tar:7    | Noticed an ancient lich
 73314 | Tar:7    | Killed an ancient lich
 73858 | Tar:7    | Received a gift from Okawaru
 73886 | Tar:7    | Got a bone rune of Zot
 74095 | Geh:1    | Entered Level 1 of Gehenna
 74110 | Geh:1    | Received a gift from Okawaru
 74691 | Geh:1    | Lost mutation: You are clumsy. (Dex -2) [evolution]
 75101 | Geh:3    | Received a gift from Okawaru
 75756 | Hell     | Learned a level 3 spell: Regeneration
 75759 | Hell     | Learned a level 2 spell: Song of Slaying
 75763 | Hell     | Learned a level 3 spell: Spectral Weapon
 75769 | Hell     | Learned a level 5 spell: Aura of Abjuration
 76154 | Geh:2    | You fall through a shaft!
 76189 | Geh:3    | Reached skill level 1 in Charms
 76238 | Geh:4    | Received a gift from Okawaru
 76246 | Geh:5    | Reached skill level 1 in Spellcasting
 76247 | Geh:5    | Reached skill level 1 in Necromancy
 77084 | Geh:7    | Entered Level 7 of Gehenna
 77135 | Geh:7    | Reached skill level 5 in Charms
 77323 | Geh:7    | Received a gift from Okawaru
 77342 | Geh:7    | Noticed the Serpent of Hell
 77364 | Geh:7    | Killed the Serpent of Hell
 77468 | Geh:7    | Reached skill level 5 in Spellcasting
 77468 | Geh:7    | Reached skill level 5 in Necromancy
 77597 | Geh:7    | Identified the +7 sceptre of Asmodeus
 77597 | Geh:7    | Noticed Asmodeus
 77622 | Geh:7    | Killed Asmodeus
 77740 | Geh:7    | Got an obsidian rune of Zot
 78068 | Geh:7    | Received a gift from Okawaru
 78116 | Geh:7    | Reached skill level 10 in Charms
 78123 | Geh:7    | Got a heavily runed turquoise ring
 78127 | Geh:7    | Got a fine marble ring
 78156 | Geh:7    | Identified the ring of Scepticism {*Contam +Blink Str+3
                  | Stlth+} (You found it on level 7 of Gehenna)
 78157 | Geh:7    | Identified the ring "Dihet" {rElec rF- rC+ MR+ Str+5} (You
                  | found it on level 7 of Gehenna)
 78213 | Geh:7    | Received a gift from Okawaru
 78369 | Geh:7    | Reached skill level 1 in Hexes
 78675 | Zot:1    | Entered Level 1 of the Realm of Zot
 78787 | Zot:1    | Gained mutation: You possess an exceptional clarity of
                  | mind. [evolution]
 78909 | Zot:1    | Received a gift from Okawaru
 79023 | Zot:1    | Reached skill level 5 in Hexes
 79371 | Zot:1    | Reached skill level 10 in Necromancy
 79722 | Zot:2    | Received a gift from Okawaru
 79974 | Zot:2    | Noticed an orb of fire
 79975 | Zot:2    | Lost mutation: Your spells are a little harder to cast, but
                  | a little more powerful. [an orb of fire]
 79990 | Zot:2    | Killed an orb of fire
 80107 | Zot:2    | Received a gift from Okawaru
 80110 | Zot:2    | Got a pair of shimmering boots {god gift}
 80137 | Zot:2    | Identified the +2 pair of boots of Kaunt {Dex+3} (Okawaru
                  | gifted it to you on level 2 of the Realm of Zot)
 80333 | Zot:2    | Reached skill level 10 in Spellcasting
 80378 | Zot:2    | Reached skill level 1 in Summonings
 80624 | Zot:2    | Reached skill level 10 in Hexes
 81270 | Zot:3    | Found a transporter.
 81300 | Zot:3    | Identified the +4 dragonskin cloak
 81300 | Zot:3    | Noticed Tiamat
 81346 | Zot:3    | Reached skill level 5 in Summonings
 81397 | Zot:3    | Received a gift from Okawaru
 81434 | Zot:3    | Found the +0 mask of the Dragon {MR+ Slay+3 SInv}
 81530 | Zot:3    | Killed Tiamat
 81553 | Zot:3    | Found a transporter.
 81736 | Zot:3    | Found a transporter.
 81736 | Zot:3    | Noticed an ancient lich
 81736 | Zot:3    | Noticed Popraera's ghost (legendary MfSk)
 81766 | Zot:3    | Found a transporter.
 81830 | Zot:3    | Killed an ancient lich
 81830 | Zot:3    | Received a gift from Okawaru
 81844 | Zot:3    | Killed Popraera's ghost
 81965 | Zot:3    | Received a gift from Okawaru
 82083 | Zot:4    | Reached skill level 10 in Summonings
 82647 | Zot:5    | Entered Level 5 of the Realm of Zot
 82815 | Zot:5    | Received a gift from Okawaru
 82831 | Zot:5    | Reached skill level 15 in Spellcasting
 83125 | Zot:5    | Noticed an orb of fire
 83130 | Zot:5    | Gained mutation: Armour fits poorly on your strangely
                  | shaped body. [an orb of fire]
 83142 | Zot:5    | Killed an orb of fire
 83142 | Zot:5    | Received a gift from Okawaru
 83146 | Zot:5    | Noticed an ancient lich
 83146 | Zot:5    | Noticed an orb of fire
 83152 | Zot:5    | Noticed an orb of fire
 83154 | Zot:5    | Gained mutation: You are clumsy. (Dex -2) [an orb of fire]
 83155 | Zot:5    | Gained mutation: You are frail. (-10% HP) [an orb of fire]
 83159 | Zot:5    | Killed an ancient lich
 83160 | Zot:5    | Killed an orb of fire
 83171 | Zot:5    | Killed an orb of fire
 83273 | Zot:5    | Received a gift from Okawaru
 83401 | Zot:5    | Reached skill level 15 in Summonings
 83640 | Zot:5    | Received a gift from Okawaru
 83740 | Zot:5    | Lost mutation: You are resistant to hostile enchantments.
                  | (MR+) [potion of mutation]
 83740 | Zot:5    | Lost mutation: You possess an exceptional clarity of mind.
                  | [potion of mutation]
 83740 | Zot:5    | Lost mutation: You are frail. (-10% HP) [potion of
                  | mutation]
 83740 | Zot:5    | Gained mutation: You are resistant to hostile enchantments.
                  | (MR+) [potion of mutation]
 83740 | Zot:5    | Gained mutation: You are weak. (Str -2) [potion of
                  | mutation]
 83740 | Zot:5    | Lost mutation: You are weak. (Str -2) [potion of mutation]
 83741 | Zot:5    | Lost mutation: You are resistant to hostile enchantments.
                  | (MR+) [potion of mutation]
 83741 | Zot:5    | Lost mutation: Your mind is acute. (Int +2) [potion of
                  | mutation]
 83741 | Zot:5    | Gained mutation: You have large cloven feet. [potion of
                  | mutation]
 83741 | Zot:5    | Gained mutation: You rapidly evolve. [potion of mutation]
 84073 | Pan      | Entered Pandemonium
 84073 | Pan      | Found a runed door.
 84263 | Pan      | Found an exit through the horrors of the Abyss.
 84689 | Pan      | Learned a level 6 spell: Shadow Creatures
 84692 | Pan      | Learned a level 2 spell: Swiftness
 84700 | Pan      | Learned a level 7 spell: Haunt
 84792 | Pan      | Noticed Uvirad the pandemonium lord
 84810 | Pan      | Killed Uvirad the pandemonium lord
 84861 | Pan      | Received a gift from Okawaru
 84938 | Pan      | Noticed Gotaliaf the pandemonium lord
 84951 | Pan      | Killed Gotaliaf the pandemonium lord
 85678 | Pan      | Lost mutation: You do not regenerate when monsters are
                  | visible. [evolution]
 86006 | Pan      | Entered the realm of Mnoleg.
 86374 | Pan      | Noticed Mnoleg
 86395 | Pan      | Killed Mnoleg
 86395 | Pan      | Received a gift from Okawaru
 86431 | Pan      | Got a glowing rune of Zot
 86503 | Pan      | Gained mutation: You are frail. (-10% HP) [a neqoxec]
 86507 | Pan      | Found an exit through the horrors of the Abyss.
 86640 | Pan      | Noticed Urolaruce the pandemonium lord
 86655 | Pan      | Killed Urolaruce the pandemonium lord
 86719 | Pan      | Received a gift from Okawaru
 87261 | Pan      | Noticed Diomo the pandemonium lord
 87267 | Pan      | Gained mutation: You are very frail. (-20% HP) [a
                  | cacodemon]
 87271 | Pan      | Killed Diomo the pandemonium lord
 87321 | Pan      | Got a demonic rune of Zot
 87584 | Pan      | Noticed Dickoe the pandemonium lord
 87606 | Pan      | Killed Dickoe the pandemonium lord
 87606 | Pan      | Received a gift from Okawaru
 87628 | Pan      | Gained mutation: You are very clumsy. (Dex -4) [a
                  | cacodemon]
 87640 | Pan      | Entered the realm of Cerebov.
 87708 | Pan      | Reached skill level 15 in Necromancy
 87753 | Pan      | Identified the +6 sword of Cerebov {flame}
 87753 | Pan      | Noticed Cerebov
 87808 | Pan      | Killed Cerebov
 87864 | Pan      | Got a fiery rune of Zot
 87954 | Pan      | Identified the Reference Book on Cold
 87956 | Pan      | Identified Veosch's Reference Book on Cold and Evil
 88020 | Pan      | Got a scintillating ivory ring
 88023 | Pan      | Identified the ring of the Distant Future {MR++ Int+3
                  | Dex+2} (You found it in Pandemonium)
 88028 | Pan      | Identified a +0 pair of boots of running (You found it in
                  | Pandemonium)
 88054 | Pan      | Got a coiled granite ring
 88055 | Pan      | Identified the ring of Resumed Hostilities {rElec EV+3}
                  | (You found it in Pandemonium)
 88058 | Pan      | Got a faintly glowing silver ring
 88059 | Pan      | Identified the ring of the Gloaming {rPois rN+ MP+9 Dex+6}
                  | (You found it in Pandemonium)
 88069 | Pan      | Identified the +6 broad axe of Pehetatu {holy, rN+} (You
                  | found it in Pandemonium)
 88108 | Pan      | Received a gift from Okawaru
 88133 | Pan      | Found an exit through the horrors of the Abyss.
 88188 | Pan      | Gained mutation: Scrolls take you a little longer to read.
                  | [a cacodemon]
 88316 | Pan      | Entered the realm of Gloorx Vloq.
 88662 | Pan      | Noticed Gloorx Vloq
 88689 | Pan      | Killed Gloorx Vloq
 88706 | Pan      | Got a dark rune of Zot
 88895 | Pan      | Received a gift from Okawaru
 88923 | Pan      | Noticed Qunoaf the pandemonium lord
 88962 | Pan      | Killed Qunoaf the pandemonium lord
 89116 | Pan      | Gained mutation: You occasionally shout uncontrollably at
                  | your foes. [a cacodemon]
 89119 | Pan      | Gained mutation: Your magical capacity is low. (-10% MP) [a
                  | cacodemon]
 89120 | Pan      | Gained mutation: You are extremely frail. (-30% HP) [a
                  | cacodemon]
 89288 | Pan      | Noticed Ignacio
 89300 | Pan      | Killed Ignacio
 89367 | Pan      | Noticed Moafucuo the pandemonium lord
 89394 | Pan      | Received a gift from Okawaru
 89411 | Pan      | Killed Moafucuo the pandemonium lord
 89452 | Pan      | Lost mutation: Armour fits poorly on your strangely shaped
                  | body. [potion of mutation]
 89452 | Pan      | Lost mutation: You have large cloven feet. [potion of
                  | mutation]
 89452 | Pan      | Gained mutation: You are dopey. (Int -2) [potion of
                  | mutation]
 89452 | Pan      | Gained mutation: Your spells are a little easier to cast,
                  | but a little less powerful. [potion of mutation]
 89452 | Pan      | Gained mutation: Your muscles are strong. (Str +2) [potion
                  | of mutation]
 89453 | Pan      | Lost mutation: You are very clumsy. (Dex -4) [potion of
                  | mutation]
 89453 | Pan      | Lost mutation: Your muscles are strong. (Str +2) [potion of
                  | mutation]
 89453 | Pan      | Lost mutation: You occasionally shout uncontrollably at
                  | your foes. [potion of mutation]
 89453 | Pan      | Lost mutation: Scrolls take you a little longer to read.
                  | [potion of mutation]
 89453 | Pan      | Gained mutation: You possess an exceptional clarity of
                  | mind. [potion of mutation]
 89566 | Pan      | Entered the realm of Lom Lobon.
 89631 | Pan      | Noticed Lom Lobon
 89684 | Pan      | Killed Lom Lobon
 89715 | Pan      | Got a magical rune of Zot
 89897 | Pan      | Found an exit through the horrors of the Abyss.
 89990 | Pan      | Gained mutation: Your magical capacity is very low. (-20%
                  | MP) [a neqoxec]
 89993 | Pan      | Gained mutation: Your magical capacity is extremely low.
                  | (-30% MP) [a neqoxec]
 90008 | Pan      | Noticed Pustyad the pandemonium lord
 90028 | Pan      | Killed Pustyad the pandemonium lord
 90105 | Depths:3 | Escaped Pandemonium
 90200 | Zig:1    | Entered Level 1 of a ziggurat
 90217 | Zig:2    | Entered Level 2 of a ziggurat
 90237 | Zig:3    | Entered Level 3 of a ziggurat
 90263 | Zig:4    | Entered Level 4 of a ziggurat
 90357 | Zig:5    | Entered Level 5 of a ziggurat
 90403 | Zig:6    | Entered Level 6 of a ziggurat
 90467 | Zig:7    | Entered Level 7 of a ziggurat
 90496 | Zig:7    | Identified the Compendium of Boosting Stones
 90499 | Zig:7    | Got a wavering silver amulet
 90504 | Zig:7    | Identified the amulet "Vioczig" {RegenMP rF+ MR- Dex+2
                  | Stlth+} (You found it on level 7 of a ziggurat)
 90625 | Zig:8    | Entered Level 8 of a ziggurat
 90644 | Zig:8    | Noticed an ancient lich
 90661 | Zig:8    | Killed an ancient lich
 90710 | Zig:8    | Lost mutation: You are dopey. (Int -2) [potion of mutation]
 90710 | Zig:8    | Lost mutation: You possess an exceptional clarity of mind.
                  | [potion of mutation]
 90710 | Zig:8    | Lost mutation: Your spells are a little easier to cast, but
                  | a little less powerful. [potion of mutation]
 90710 | Zig:8    | Gained mutation: Your movements are slightly less
                  | encumbered by armour. (ER -2) [potion of mutation]
 90711 | Zig:8    | Lost mutation: Your movements are slightly less encumbered
                  | by armour. (ER -2) [potion of mutation]
 90711 | Zig:8    | Lost mutation: Your magical capacity is extremely low.
                  | (-30% MP) [potion of mutation]
 90711 | Zig:8    | Lost mutation: Your magical capacity is very low. (-20% MP)
                  | [potion of mutation]
 90711 | Zig:8    | Lost mutation: You are clumsy. (Dex -2) [potion of
                  | mutation]
 90711 | Zig:8    | Gained mutation: You are agile. (Dex +2) [potion of
                  | mutation]
 90717 | Zig:9    | Entered Level 9 of a ziggurat
 90760 | Zig:9    | Received a gift from Okawaru
 90801 | Zig:9    | Identified Kuawogga's Catalogue of the Earthen Entourage
 90808 | Zig:9    | Identified the Compendium of Ice
 90818 | Zig:9    | Learned a level 5 spell: Dispel Undead
 90819 | Zig:9    | Got a clouded glass ring
 90821 | Zig:9    | Identified a ring "Ineshroma" {AC+3 Int+4} (You found it on
                  | level 9 of a ziggurat)
 90833 | Zig:10   | Entered Level 10 of a ziggurat
 90904 | Zig:10   | Lost mutation: You are agile. (Dex +2) [potion of mutation]
 90904 | Zig:10   | Lost mutation: You are extremely frail. (-30% HP) [potion
                  | of mutation]
 90904 | Zig:10   | Gained mutation: You expend magic power (3 MP) to
                  | strengthen your wands. [potion of mutation]
 90972 | Zig:11   | Entered Level 11 of a ziggurat
 90994 | Zig:11   | Reached skill level 1 in Translocations
 91011 | Zig:11   | Reached skill level 5 in Translocations
 91036 | Zig:11   | Identified the +4 great sword of Gehenna {drain, Int+4}
                  | (You found it on level 11 of a ziggurat)
 91179 | Zig:12   | Entered Level 12 of a ziggurat
 91197 | Zig:12   | Received a gift from Okawaru
 91221 | Zig:12   | Identified the +6 rapier of the Wilderness {pierce, +Blink
                  | rF+++ rC- Str-2} (Okawaru gifted it to you on level 12 of a
                  | ziggurat)
 91241 | Zig:12   | Got a smoking iron ring
 91246 | Zig:12   | Got a clouded garnet amulet
 91247 | Zig:12   | Identified the amulet of the Dragon {Harm *Drain rPois rN+
                  | MR+} (You found it on level 12 of a ziggurat)
 91248 | Zig:12   | Identified the ring of the Lumpy Souls {Str+5 SInv Stlth-}
                  | (You found it on level 12 of a ziggurat)
 91270 | Zig:12   | Identified the ring of the Establishment {rCorr Str+3} (You
                  | found it on level 12 of a ziggurat)
 91278 | Zig:12   | Learned a level 5 spell: Summon Forest
 91280 | Zig:13   | Entered Level 13 of a ziggurat
 91297 | Zig:13   | Noticed a juggernaut
 91300 | Zig:13   | Noticed a juggernaut
 91310 | Zig:13   | Killed a juggernaut
 91315 | Zig:13   | Killed a juggernaut
 91315 | Zig:13   | Reached skill level 10 in Translocations
 91349 | Zig:13   | Found the ring of the Octopus King
 91357 | Zig:13   | Received a gift from Okawaru
 91377 | Zig:13   | Identified the cursed +0 plate armour of Immorality
                  | {*Contam rPois MR- Str+6} (You found it on level 13 of a
                  | ziggurat)
 91381 | Zig:13   | Identified the +7 glaive "Acwexzoo" {freeze, MR+ Stlth+}
                  | (You found it on level 13 of a ziggurat)
 91384 | Zig:13   | Identified the amulet "Meihac" {Acrobat Slay+4} (You found
                  | it on level 13 of a ziggurat)
 91386 | Zig:13   | Identified a ring of the Octopus King {rF+ AC+1 EV+1 Str+1
                  | Int+1 Dex+1} (You found it on level 13 of a ziggurat)
 91514 | Zig:14   | Entered Level 14 of a ziggurat
 91538 | Zig:14   | Noticed Arucaq the pandemonium lord
 91540 | Zig:14   | Noticed Tixorauh the pandemonium lord
 91540 | Zig:14   | Noticed Pericuer the pandemonium lord
 91551 | Zig:14   | Noticed Bearph the pandemonium lord
 91558 | Zig:14   | Killed Pericuer the pandemonium lord
 91565 | Zig:14   | Killed Arucaq the pandemonium lord
 91570 | Zig:14   | Killed Bearph the pandemonium lord
 91583 | Zig:14   | Killed Tixorauh the pandemonium lord
 91632 | Zig:14   | Identified the Volume of Self-Knowledge and the Rocks
 91641 | Zig:14   | Lost mutation: Your magical capacity is low. (-10% MP)
                  | [potion of mutation]
 91641 | Zig:14   | Lost mutation: You expend magic power (3 MP) to strengthen
                  | your wands. [potion of mutation]
 91641 | Zig:14   | Gained mutation: You expend magic power (3 MP) to
                  | strengthen your wands. [potion of mutation]
 91641 | Zig:14   | Gained mutation: Your muscles are strong. (Str +2) [potion
                  | of mutation]
 92137 | Tomb:2   | Noticed a greater mummy
 92137 | Tomb:2   | Noticed an ancient lich
 92138 | Tomb:2   | Noticed a greater mummy
 92142 | Tomb:2   | Noticed a greater mummy
 92147 | Tomb:2   | Was placed under penance by Okawaru
 92147 | Tomb:2   | HP: 8/199 [mummy priest's death curse (25)]
 92147 | Tomb:2   | HP: 1/199 [mummy priest/exploding inner flame[the player
                  | character] (4)]
 92155 | Tomb:2   | Killed a greater mummy
 92155 | Tomb:2   | Slain by a phantasmal warrior

Vault maps used:
D:1:      lightli_arrival_noodles, st_stairs_1
D:2:      uniq_jessica
D:4:      serial_shops, kennysheep_mini_moat, corexii_item_surrounded_by_moat,
          elyvilon_altar_5, uniq_grinder
D:5:      old_standard_altar, minmay_temple_entry_drinking_statues,
          serial_shops, nicolae_shop_behind_doors, first_ration, basic_altar
D:6:      slow_altar_2
D:7:      kennysheep_six_static_rooms, serial_shops, shop_statue, shop,
          kennysheep_mini, shop_statue, shop, uniq_duvessa
D:8:      enter_bailey_3, uniq_grum, uniq_maurice, uniq_erica, uniq_gastronok
D:9:      lemuel_crystal_altar, overflow_temple_1_default, hangedman_fish_farm,
          kennysheep_dice
D:11:     dpeg_oklobed_lair, serial_shops, shop
D:12:     orc_0_dummy
D:13:     serial_bayou_lagoon_b
D:14:     hangedman_vaults_entry_quadrant_bands, kennysheep_small_spiral,
          basic_altar
D:15:     grunt_enter_depths_giant_problem, hangedman_decor_growths,
          muffindrake_ghost_dual_entry, uniq_nessos
Temple:   regret_index_temple_mists
Lair:1:   nicolae_volcano_entry_two_sided, portal_ice_cave_entry_imps,
          infiniplex_staircase_pool_2, serial_bayou_shore_b
Lair:2:   spider_nest_entry_rubble, hangedman_lair_generics_rect
Lair:3:   minmay_swamp_entry_swarm, uniq_rupert, uniq_snorg
Lair:4:   hibernation_bobbens, grunt_megastairs_1, serial_bayou_shore_b,
          lemuel_fruit_fields
Lair:5:   slime_altar_2
Lair:6:   due_jungle_book
Swamp:1:  infiniplex_staircase_pool, swamp_pool1
Swamp:2:  hangedman_swamp_pad
Swamp:3:  gammafunk_its_a_trap, hangedman_swamp_ruin_wall, swamp_pool5,
          nicolae_swamp_hydra_murder_den
Swamp:4:  grunt_swamp_rune_castle
Spider:2: ebering_ghost_reflecting_pool, nicolae_spider_nook
Spider:4: johnstein_spider_rune_arachne_lair, gammafunk_ghost_necromancy
Slime:1:  nicolae_slime_barrier
Slime:2:  cheibrodos_slime_lost_civilization_5
Orc:1:    uniq_josephine
Orc:2:    st_orc_ogre_mass
Elf:1:    elf_arrival_002, minmay_elf_necromancy
Elf:2:    serial_glass, glass_columns_b, glass_columns_a, serial_shops,
          nicolae_shop_stone, uniq_saint_roka
Elf:3:    minmay_elf_hall_x, ebering_ghost_disaster_area, st_stairs_10,
          chequers_big_river, stair_cage_cross
Vaults:1: vaults_dpeg_hooks, nicolae_vaults_rhombus_6, v_misc_16, v_rooms_3,
          vaults_dpeg_spiral, v_misc_28, grunt_vaults_hallway_long,
          vaults_mumra_minichess_inversion, ontoclasm_vaults_fault,
          nicolae_vaults_shelves_hall, portal_desolation_entry_nicolae_slug,
          serial_shops, shop_fountains
Vaults:2: v_alt_pattern_5, grunt_vaults_hallway_short,
          nicolae_vaults_little_squares_1, nicolae_vaults_mini_display_case,
          basic_altar, uniq_mennas
Vaults:3: hangedman_vaults_maws, nicolae_vaults_ninety_degrees,
          minmay_crypt_entry_necro_gods, hangedman_vaults_corner_blocks,
          v_misc_15, dpeg_vaults_monster_row, v_rooms_5, hangedman_vaults_snaps,
          nicolae_vaults_what_the_h, nicolae_vaults_little_squares_3,
          nicolae_vaults_lopsided_apartments, v_misc_13,
          nicolae_vaults_little_squares_6, uniq_boris, uniq_margery
Vaults:4: v_misc_31, v_misc_33, hangedman_vaults_maws, vaults_room_door_hall,
          nicolae_vaults_specimen_jars, hangedman_vaults_cutoff,
          nicolae_vaults_circle_grid_a, nicolae_vaults_border_crossing,
          serial_shops, nicolae_shop_overgrown_old_shop, uniq_boris
Vaults:5: serial_shops
Crypt:2:  basic_altar, columned_hall_lemuel, st_stairs_4, uniq_xtahua,
          uniq_boris
Crypt:3:  church_of_pain_bobbens, nicolae_tomb_entry_unfolded_pyramid_diagonal,
          mu_enter_wizlab_6, weyrava_vampire_temple
Tomb:1:   uniq_khufu
Depths:1: cheibrodos_hall_of_evolution, abyss_entry, chequers_decorated_corner,
          grunt_hell_entry_dis_old, minmay_checkered_concentric_circles
Depths:2: minmay_diamond_stairs, grunt_hell_horde, minmay_st_funbox
Depths:3: cheibrodos_lost_city_excavation, rand_demon_pan_entry_4, serial_shops,
          shop, hell_entry, tso_metal_star, infiniplex_staircase_spiral_double,
          serial_bayou_shore_b
Depths:4: regret_index_uskayaw_diablada_macabre, enter_ziggurat_e,
          nicolae_abyss_entry_one_way_or_another, serial_shops, shop,
          minmay_misc_feat_five, pf_coc_iceberg, uniq_frederick
Depths:5: hangedman_slaughterboxes, hell_entry, abyss_entry
Dis:1:    hangedman_dis_decor_blocks_crown
Dis:5:    hangedman_dis_monolith, nicolae_dis_lava_storage_tank
Dis:7:    iron_city_of_dis, door_vault
Geh:3:    nicolae_geh_fiery_graves
Geh:7:    evilmike_geh
Coc:7:    coc_mu
Tar:7:    tar_grunt_cathedral
Zot:2:    lemuel_firehouse, st_stairs_1
Zot:3:    gammafunk_ghost_mausoleum, chequers_guarded_unrand_mask_of_the_dragon,
          uniq_tiamat
Zot:4:    zot_minivault_7
Zot:5:    st_stairs_3
Abyss:3:  bh_abyss_exit_spiral, hangedman_abyss_rune_macabre_mess
Abyss:4:  due_evilmike_abyss_rune_seething_liches, grunt_abyss_exit_deep_breaths
Pan:      rand_demon_9, rand_demon_6, pan_blood_fountain_2, mnoleg_st,
          evilmike_mini_pan_3x3, pan_blood_fountain, rand_demon_1,
          evilmike_mini_pan_doors, cerebov, evilmike_mini_pan_diamond,
          pan_blood_fountain, pan_blood_fountain_small, nicolae_pan_mnolegish_5,
          gloorx_vloq_grunt, uniq_ignacio, nicolae_pan_mnolegish_3,
          grunt_pan_frozen_over, pan_blood_fountain_small, lemuel_hall_of_pain,
          rand_demon_7, regret_index_pan_draining_boxed, uniq_ignacio,
          evilmike_mini_pan_diamond, reaverb_pan_figure_eight, lom_lobon_st,
          rand_demon_5, pan_blood_fountain
Zig:10:   ziggurat_pillar_centre_dead_trees
Zig:13:   ziggurat_pillar_centre_c
IceCv:    ice_cave_tombish
WizLab:   wizlab_lehudib

Skill      XL: |  1  2  3  4  5  6  7  8  9 10 11 12 13 14 15 16 17 18 19 20 21 22 23 24 25 26 27 |
---------------+----------------------------------------------------------------------------------+-----
Shields        | 4 5 6 7 8 9 12 15 20 22 | 22.2
Axes           | 3 4 5 6 8 9 10 11 12 13 14 15 16 17 18 20 21 22 23 24 25 27 | 27.0
Armour         | 7 10 12 14 15 17 19 20 21 23 25 26 27 | 27.0
Fighting       | 5 8 11 12 13 14 16 27 | 27.0
Invocations    | 7 8 11 13 25 | 25.0
Dodging        | 25 | 25.7
Evocations     | 19 | 19.8
Charms         | 10 | 10.3
Spellcasting   | 18 | 18.0
Necromancy     | 19 | 19.0
Hexes          | 12 | 12.0
Summonings     | 21 | 21.2
Translocations | 13 | 13.4
Staves         | |  0.9

Action                   |  1- 3 |  4- 6 |  7- 9 | 10-12 | 13-15 | 16-18 | 19-21 | 22-24 | 25-27 || total
-------------------------+-------+-------+-------+-------+-------+-------+-------+-------+-------++-------
Melee: War axe           |    90 |   182 |   303 |  1091 |  1476 |   106 |       |       |       ||  3248
       Scimitar          |       |       |       |       |    78 |    11 |   111 |       |       ||   200
       Lajatang          |       |       |       |       |    22 |       |       |       |       ||    22
       Great mace        |       |       |       |       |       |   291 |       |       |       ||   291
       Executioner's axe |       |       |       |       |       |   630 |  1222 |   765 |  8685 || 11302
       Morningstar       |       |       |       |       |       |       |    47 |    26 |   126 ||   199
       Broad axe         |       |       |       |       |       |       |       |   586 |    59 ||   645
       Peck              |       |       |       |       |       |       |       |       |  1991 ||  1991
       Staff             |       |       |       |       |       |       |       |       |    70 ||    70
Throw: Tomahawk          |       |       |       |       |       |       |       |       |     9 ||     9
       Throwing net      |       |       |       |       |       |       |       |       |     5 ||     5
 Cast: Regeneration      |       |       |       |       |       |       |       |       |    76 ||    76
       Song of Slaying   |       |       |       |       |       |       |       |       |    16 ||    16
       Spectral Weapon   |       |       |       |       |       |       |       |       |     9 ||     9
       Aura of Abjuratio |       |       |       |       |       |       |       |       |     8 ||     8
       Swiftness         |       |       |       |       |       |       |       |       |     7 ||     7
       Haunt             |       |       |       |       |       |       |       |       |     3 ||     3
       Shadow Creatures  |       |       |       |       |       |       |       |       |     2 ||     2
       Apportation       |       |       |       |       |       |       |       |       |     1 ||     1
       Summon Forest     |       |       |       |       |       |       |       |       |     1 ||     1
Invok: Heroism           |       |       |     3 |    17 |    14 |    11 |     9 |     6 |    63 ||   123
       Finesse           |       |       |       |       |     1 |     2 |     3 |     2 |    45 ||    53
 Abil: Dig               |       |     3 |       |    18 |     4 |    11 |     1 |     3 |    40 ||    80
Evoke: Wand              |       |       |       |       |       |     3 |       |       |    27 ||    30
       Staff of Dispater |       |       |       |       |       |       |       |       |    60 ||    60
       Lamp of fire      |       |       |       |       |       |       |       |       |     7 ||     7
       Sceptre of Asmode |       |       |       |       |       |       |       |       |     5 ||     5
       Sack of spiders   |       |       |       |       |       |       |       |       |     5 ||     5
       Horn of Geryon    |       |       |       |       |       |       |       |       |     4 ||     4
       Box of beasts     |       |       |       |       |       |       |       |       |     2 ||     2
       Phantom mirror    |       |       |       |       |       |       |       |       |     2 ||     2
       Phial of floods   |       |       |       |       |       |       |       |       |     1 ||     1
  Use: Potion            |       |     7 |       |     8 |       |    18 |     3 |     1 |    42 ||    79
       Scroll            |       |     3 |     6 |     7 |     8 |     3 |    14 |     1 |    82 ||   124
 Stab: Distracted        |       |       |       |       |       |     1 |       |     3 |     3 ||     7
       Confused          |       |       |       |       |       |       |     1 |       |     2 ||     3
       Petrified         |       |       |       |       |       |       |       |       |     4 ||     4
       Held in net/web   |       |       |       |       |       |       |       |       |     1 ||     1
       Petrifying        |       |       |       |       |       |       |       |       |     1 ||     1
  Eat: Chunk             |       |     4 |    16 |    14 |    26 |    22 |    31 |    23 |    88 ||   224
       Ration            |       |     1 |       |     4 |     2 |     1 |     1 |       |    26 ||    35
Armor: Scale mail        |    45 |    61 |    76 |       |       |       |       |       |       ||   182
       Chain mail        |       |       |    36 |   183 |    64 |       |       |       |       ||   283
       Skin              |       |       |       |     5 |       |     1 |       |       |       ||     6
       Plate armour      |       |       |       |    39 |       |   140 |    13 |       |       ||   192
       Crystal plate arm |       |       |       |       |   306 |   157 |       |       |       ||   463
       Gold dragon scale |       |       |       |       |       |       |   595 |   180 |  1649 ||  2424
Dodge: Dodged            |    39 |    57 |   100 |   260 |   282 |   230 |   500 |   130 |  1519 ||  3117
Block: Shield            |    49 |    99 |   215 |   327 |       |       |       |       |       ||   690
       Large shield      |       |       |       |   277 |  1888 |  1508 |  2264 |  1162 |  9072 || 16171
       Rpst.: Scimitar   |       |       |       |       |     6 |       |    11 |       |       ||    17

Table legend:
 A = Non-vault XP
 B = Vault XP
 C = Vault XP percentage of total XP
 D = Non-vault monster count
 E = Vault monster count
 F = Vault count percentage of total count
                 A         B        C        D         E       F
            +---------+---------+-------+---------+---------+-------
      Total | 2398259 | 1943758 |  44.8 |    3682 |    1685 |  31.4
            +---------+---------+-------+---------+---------+-------
        D:1 |      39 |       7 |  15.2 |      19 |       4 |  17.4
        D:2 |      42 |      37 |  46.8 |      15 |       1 |   6.2
        D:3 |      49 |       0 |   0.0 |      19 |       0 |   0.0
        D:4 |     303 |     286 |  48.6 |      15 |       1 |   6.2
        D:5 |     584 |       0 |   0.0 |      10 |       0 |   0.0
        D:6 |    1409 |       5 |   0.4 |      32 |       1 |   3.0
        D:7 |     806 |     214 |  21.0 |      15 |       2 |  11.8
        D:8 |     822 |    4057 |  83.2 |      30 |      10 |  25.0
        D:9 |    2904 |     486 |  14.3 |      32 |       3 |   8.6
       D:10 |     516 |       0 |   0.0 |       8 |       0 |   0.0
       D:11 |    5681 |     542 |   8.7 |      37 |       1 |   2.6
       D:12 |    4326 |       0 |   0.0 |      42 |       0 |   0.0
       D:13 |   10626 |       0 |   0.0 |      41 |       0 |   0.0
       D:14 |    9627 |    5222 |  35.2 |      35 |      17 |  32.7
       D:15 |   15569 |   11756 |  43.0 |      35 |      14 |  28.6
     Lair:1 |    4028 |     126 |   3.0 |      22 |      12 |  35.3
     Lair:2 |    1681 |    3517 |  67.7 |       9 |       9 |  50.0
     Lair:3 |    4406 |    4900 |  52.7 |      14 |       7 |  33.3
     Lair:4 |    4809 |    3254 |  40.4 |      17 |       7 |  29.2
     Lair:5 |    3976 |      63 |   1.6 |      13 |       4 |  23.5
     Lair:6 |   20274 |    2887 |  12.5 |      42 |       5 |  10.6
    Swamp:1 |   15137 |       0 |   0.0 |      35 |       0 |   0.0
    Swamp:2 |   14700 |       0 |   0.0 |      29 |       0 |   0.0
    Swamp:3 |   17769 |   10709 |  37.6 |      47 |      15 |  24.2
    Swamp:4 |   10556 |   18232 |  63.3 |      26 |      27 |  50.9
   Spider:1 |   18265 |       0 |   0.0 |      50 |       0 |   0.0
   Spider:2 |    8091 |    3535 |  30.4 |      19 |      11 |  36.7
   Spider:3 |    7603 |       0 |   0.0 |      20 |       0 |   0.0
   Spider:4 |   18581 |   35403 |  65.6 |      47 |      73 |  60.8
    Slime:1 |   12759 |       0 |   0.0 |      19 |       0 |   0.0
    Slime:2 |    3915 |       0 |   0.0 |      12 |       0 |   0.0
    Slime:3 |    3087 |       0 |   0.0 |      13 |       0 |   0.0
    Slime:5 |   15047 |   29206 |  66.0 |      27 |      14 |  34.1
      Orc:1 |    1100 |    3860 |  77.8 |      14 |       8 |  36.4
      Orc:2 |    4416 |   12394 |  73.7 |      37 |      35 |  48.6
      Elf:1 |   19076 |    6817 |  26.3 |      30 |      13 |  30.2
      Elf:2 |   28222 |   32051 |  53.2 |      46 |      42 |  47.7
      Elf:3 |    9838 |   41052 |  80.7 |      19 |      30 |  61.2
   Vaults:1 |   36535 |   11571 |  24.1 |      74 |      21 |  22.1
   Vaults:2 |   26315 |   12489 |  32.2 |      39 |      10 |  20.4
   Vaults:3 |   34875 |   52292 |  60.0 |      39 |      48 |  55.2
   Vaults:4 |   36919 |   57762 |  61.0 |      62 |      44 |  41.5
   Vaults:5 |   26060 |  101150 |  79.5 |      32 |      68 |  68.0
    Crypt:1 |   24412 |       0 |   0.0 |      40 |       0 |   0.0
    Crypt:2 |   38916 |   15169 |  28.0 |      58 |       6 |   9.4
    Crypt:3 |    9953 |   65096 |  86.7 |      20 |      91 |  82.0
     Tomb:1 |    3639 |   71399 |  95.2 |      17 |      44 |  72.1
     Tomb:2 |    5040 |   12024 |  70.5 |       6 |       9 |  60.0
   Depths:1 |   43727 |   25264 |  36.6 |      55 |      29 |  34.5
   Depths:2 |   40276 |   38415 |  48.8 |      52 |      29 |  35.8
   Depths:3 |   46518 |   10327 |  18.2 |      37 |      11 |  22.9
   Depths:4 |   38956 |   16781 |  30.1 |      43 |      13 |  23.2
   Depths:5 |    1451 |  132844 |  98.9 |       3 |      92 |  96.8
       Hell |   17576 |   33953 |  65.9 |      20 |      53 |  72.6
      Dis:1 |   30101 |       0 |   0.0 |      67 |       0 |   0.0
      Dis:2 |   39121 |       0 |   0.0 |      78 |       0 |   0.0
      Dis:3 |   10880 |       0 |   0.0 |      28 |       0 |   0.0
      Dis:4 |   46588 |       0 |   0.0 |      72 |       0 |   0.0
      Dis:5 |    3532 |     761 |  17.7 |       4 |       1 |  20.0
      Dis:6 |   24496 |       0 |   0.0 |      28 |       0 |   0.0
      Dis:7 |   91630 |  138800 |  60.2 |     116 |      89 |  43.4
      Geh:1 |   28095 |       0 |   0.0 |      66 |       0 |   0.0
      Geh:2 |   13954 |       0 |   0.0 |      27 |       0 |   0.0
      Geh:3 |   38626 |       0 |   0.0 |      83 |       0 |   0.0
      Geh:4 |   19376 |       0 |   0.0 |      48 |       0 |   0.0
      Geh:5 |   21972 |       0 |   0.0 |      36 |       0 |   0.0
      Geh:7 |   49002 |   89525 |  64.6 |      60 |      45 |  42.9
      Coc:1 |    6087 |       0 |   0.0 |      21 |       0 |   0.0
      Coc:2 |   57107 |       0 |   0.0 |      70 |       0 |   0.0
      Coc:3 |   49990 |       0 |   0.0 |      57 |       0 |   0.0
      Coc:4 |   65220 |       0 |   0.0 |     105 |       0 |   0.0
      Coc:5 |    1424 |       0 |   0.0 |       5 |       0 |   0.0
      Coc:6 |   19864 |       0 |   0.0 |      31 |       0 |   0.0
      Coc:7 |   87197 |   59943 |  40.7 |      93 |      78 |  45.6
      Tar:1 |   65090 |       0 |   0.0 |      76 |       0 |   0.0
      Tar:4 |   14959 |       0 |   0.0 |      25 |       0 |   0.0
      Tar:5 |   27895 |       0 |   0.0 |      46 |       0 |   0.0
      Tar:6 |   38543 |       0 |   0.0 |      40 |       0 |   0.0
      Tar:7 |   88749 |  104574 |  54.1 |      86 |      62 |  41.9
      Zot:1 |   66127 |       0 |   0.0 |      35 |       0 |   0.0
      Zot:2 |   70450 |   34545 |  32.9 |      44 |      35 |  44.3
      Zot:3 |   54960 |   87227 |  61.3 |      31 |      38 |  55.1
      Zot:4 |   27227 |   35336 |  56.5 |      17 |      18 |  51.4
      Zot:5 |   43069 |  152681 |  78.0 |      26 |      43 |  62.3
    Abyss:3 |     963 |       0 |   0.0 |       3 |       0 |   0.0
    Abyss:4 |   23852 |   11667 |  32.8 |      55 |       8 |  12.7
        Pan |  262073 |  225587 |  46.3 |     301 |     165 |  35.4
      Zig:1 |    1392 |       0 |   0.0 |       2 |       0 |   0.0
      Zig:2 |    1924 |     722 |  27.3 |       4 |       1 |  20.0
      Zig:3 |    2224 |       0 |   0.0 |       5 |       0 |   0.0
      Zig:4 |    8586 |       0 |   0.0 |       4 |       0 |   0.0
      Zig:5 |    7192 |       0 |   0.0 |       5 |       0 |   0.0
      Zig:6 |    6610 |       0 |   0.0 |      11 |       0 |   0.0
      Zig:7 |    8480 |       0 |   0.0 |      11 |       0 |   0.0
      Zig:8 |   17053 |       0 |   0.0 |      11 |       0 |   0.0
      Zig:9 |   13491 |       0 |   0.0 |      26 |       0 |   0.0
     Zig:10 |   11927 |       0 |   0.0 |      21 |       0 |   0.0
     Zig:11 |   16398 |       0 |   0.0 |      16 |       0 |   0.0
     Zig:12 |   21019 |       0 |   0.0 |      27 |       0 |   0.0
     Zig:13 |   26634 |    1655 |   5.9 |      35 |       1 |   2.8
     Zig:14 |   33742 |       0 |   0.0 |      23 |       0 |   0.0
      IceCv |       0 |    5291 | 100.0 |       0 |      23 | 100.0
     WizLab |    1561 |   60137 |  97.5 |      12 |      55 |  82.1
 Desolation |       0 |   48153 | 100.0 |       0 |      89 | 100.0
            +---------+---------+-------+---------+---------+-------
